 Dungeon Crawl Stone Soup version 0.29-a0-330-g52719c12eb (webtiles) character file.

Game seed: 4921252937237432346

2296315 Charly the Cryomancer (level 27, 220/220 HPs)
             Began as an Octopode Ice Elementalist on Apr 29, 2022.
             Was a High Priest of Ashenzari.
             Escaped with the Orb
             ... and 4 runes on May 1, 2022!
             The game lasted 04:45:27 (84240 turns).

Charly the Cryomancer (Octopode Ice Elementalist)  Turns: 84240, Time: 04:45:27

Health: 220/220    AC: 11    Str: 16    XL:     27
Magic:  51/51      EV: 43    Int: 43    God:    Ashenzari [*****.]
Gold:   2682       SH: 46    Dex: 39    Spells: 8/74 levels left

rFire   + + +      SeeInvis +     - Unarmed
rCold   + + .      Faith    .   J - +18 shield of the Gong {rElec rN+ Will+ EV-5, Melee, Fort} (curse)
rNeg    + + .      Spirit   .   R - +2 hat of Ashenzari's Seeker {Stlth+, Comp, Bglg} (curse)
rPois   +          Reflect  +   Q - amulet of the Gnostic Gnosis {Reflect Fragile rC+ Str+3 Dex+8 SH+5, Fort, Evo} (curse)
rElec   +          Harm     .   c - ring of Ashenzari's Scepticism {rF+++ rC+ rN+ Will- Stlth+, Cun, Self} (curse)
rCorr   +          Rampage  .   l - ring "Prophetic Jealousy" {Int+6, Fort, Self} (curse)
Will    +++..      Clarity  +   m - ring of Ouranomancy {Will+ Int+5, Alch, Bglg} (curse)
Stlth   +++.......              G - ring of Odeunn {Str+3 Int+3 Dex+6}
HPRegen 0.46/turn               C - ring of the Chained Dogma {rCorr, Self, Fort} (curse)
MPRegen 0.32/turn               a - ring "Chained Malaise" {Str+4 Slay+4, Comp, Fort} (curse)
                                T - ring of the Tortoise {AC+8, Cun, Fort} (curse)
                                V - ring "Eternal Panentheism" {Dex+9, Alch, Self} (curse)

@: studying 8 skills
A: almost no armour, amphibious, 8 rings, camouflage 1, gelatinous body 1,
(nimble swimmer 1), tentacles, agile 1, poison resistance, robust 1, weak 1,
MP-powered wands
0: Orb of Zot
}: 4/15 runes: serpentine, barnacled, slimy, silver
a: Renounce Religion, Shatter the Chains


You escaped.
You worshipped Ashenzari.
Ashenzari was extremely pleased with you.
You visited 13 branches of the dungeon, and saw 58 of its levels.
You completed 1 ziggurat, and saw 27 of its levels.
You also visited: Ossuary, Gauntlet and Ice Cave.

You collected 12008 gold pieces.
You spent 9326 gold pieces at shops.

Inventory:

Missiles
 N - 12 throwing nets
Armour
 J - the cursed +18 shield of the Gong (worn) {rElec rN+ Will+ EV-5, Melee, Fort}
   (You found it on level 2 of the Vaults)

   It is deafeningly noisy when blocking attacks.
   EV:        It affects your evasion (-5).
   rElec:     It insulates you from electricity.
   rN:        It protects you from negative energy.
   Will:      It increases your willpower.
   It has a curse which improves the following skills: Melee Combat: Short
   Blades, Long Blades, Axes, Maces & Flails, Polearms, Staves and Unarmed
   Combat.
   Fortitude: Shields.
 R - the cursed +2 hat of Ashenzari's Seeker (worn) {Stlth+, Comp, Bglg}
   (You found it on level 16 of a ziggurat)

   It has a curse which improves the following skills: Companions: Summonings
   and Necromancy.
   Beguiling: Conjurations, Hexes and Translocations.
Jewellery
 a - the cursed ring "Chained Malaise" (on tentacle) {Str+4 Slay+4, Comp, Fort}
   (You found it on level 27 of a ziggurat)

   [ring of slaying]

   Str:       It affects your strength (+4).
   Slay:      It affects your accuracy & damage with ranged weapons and melee
   (+4).
   It has a curse which improves the following skills: Companions: Summonings
   and Necromancy.
   Fortitude: Shields.
 c - the cursed ring of Ashenzari's Scepticism (left tentacle) {rF+++ rC+ rN+ Will- Stlth+, Cun, Self}
   (You took it off an ancient champion on level 3 of the Crypt)

   [ring of positive energy]

   rF:        It renders you almost immune to fire.
   rC:        It protects you from cold.
   rN:        It protects you from negative energy.
   Will:      It decreases your willpower.
   Stlth:     It makes you more stealthy.
   It has a curse which improves the following skills: Cunning: Dodging and
   Stealth.
   Introspection: Fighting and Spellcasting.
 f - the ring "Yfyaz" {rPois rF+ Dex+6}
   (You found it on level 4 of a ziggurat)

   [ring of dexterity]

   Dex:       It affects your dexterity (+6).
   rF:        It protects you from fire.
   rPois:     It protects you from poison.
 l - the cursed ring "Prophetic Jealousy" (right tentacle) {Int+6, Fort, Self}
   (You bought it in a shop on level 3 of the Elven Halls)

   [ring of intelligence]

   Int:       It affects your intelligence (+6).
   It has a curse which improves the following skills: Fortitude: Shields.
   Introspection: Fighting and Spellcasting.
 m - the cursed ring of Ouranomancy (on tentacle) {Will+ Int+5, Alch, Bglg}
   (You acquired it in an ossuary)

   [ring of willpower]

   Int:       It affects your intelligence (+5).
   Will:      It increases your willpower.
   It has a curse which improves the following skills: Alchemy: Poison Magic and
   Transmutations.
   Beguiling: Conjurations, Hexes and Translocations.
 C - the cursed ring of the Chained Dogma (on tentacle) {rCorr, Self, Fort}
   (You found it on level 10 of the Dungeon)

   [ring of resist corrosion]

   rCorr:     It protects you from acid and corrosion.
   It has a curse which improves the following skills: Introspection: Fighting
   and Spellcasting.
   Fortitude: Shields.
 D - the dreamshard necklace {*Dream Drain}
   (You found it on level 21 of a ziggurat)

   [amulet of nothing]

   It shatters if its wearer takes lethal or near-lethal damage, preventing the
   blow and releasing protective dreams that heal and fight for the wearer.
   Drain:     It drains your maximum health when unequipped.
 G - the ring of Odeunn (on tentacle) {Str+3 Int+3 Dex+6}
   (You found it on level 26 of a ziggurat)

   [ring of dexterity]

   Str:       It affects your strength (+3).
   Int:       It affects your intelligence (+3).
   Dex:       It affects your dexterity (+6).
 Q - the cursed amulet of the Gnostic Gnosis (around mantle) {Reflect Fragile rC+ Str+3 Dex+8 SH+5, Fort, Evo}
   (You found it on level 4 of the Lair of Beasts)

   [amulet of reflection]

   It reflects blocked missile attacks.
   Str:       It affects your strength (+3).
   Dex:       It affects your dexterity (+8).
   rC:        It protects you from cold.
   Fragile:   It will be destroyed if unequipped.
   SH:        It affects your SH (+5).
   It has a curse which improves the following skills: Fortitude: Shields.
   Evocations: Evocations.
 T - the cursed ring of the Tortoise (on tentacle) {AC+8, Cun, Fort}
   (You found it in a Gauntlet)

   [ring of protection]

   AC:        It affects your AC (+8).
   It has a curse which improves the following skills: Cunning: Dodging and
   Stealth.
   Fortitude: Shields.
 V - the cursed ring "Eternal Panentheism" (on tentacle) {Dex+9, Alch, Self}
   (You bought it in a shop on level 1 of the Dungeon)

   [ring of dexterity]

   Dex:       It affects your dexterity (+9).
   It has a curse which improves the following skills: Alchemy: Poison Magic and
   Transmutations.
   Introspection: Fighting and Spellcasting.
Wands
 e - a wand of acid (45)
 r - a wand of digging (30)
 v - a wand of charming (21)
 K - a wand of iceblast (73)
 U - a wand of mindburst (43)
Scrolls
 d - 30 scrolls of teleportation
 g - 8 scrolls of immolation
 j - 7 scrolls of silence
 n - 17 scrolls of blinking
 q - 12 scrolls of vulnerability
 t - 6 scrolls of summoning
 u - 24 scrolls of fog
 y - 19 scrolls of fear
 z - 17 scrolls of amnesia
 M - 18 scrolls of magic mapping
 P - 12 scrolls of holy word
 S - 15 scrolls of enchant armour
Potions
 h - 13 potions of flight
 i - 31 potions of curing
 k - 4 potions of resistance
 o - 8 potions of might
 s - 28 potions of mutation
 w - 6 potions of invisibility
 x - 11 potions of magic
 A - 7 potions of cancellation
 B - 5 potions of ambrosia
 E - 7 potions of berserk rage
 H - 6 potions of brilliance
 L - 26 potions of heal wounds
 W - 9 potions of attraction
 Z - 6 potions of haste
Miscellaneous
 b - a +1 figurine of a ziggurat
 p - a phial of floods
 F - a lightning rod (4/4)
 I - a tin of tremorstones (2/2)
 O - a condenser vane
 X - a box of beasts
 Y - a phantom mirror


   Skills:
 - Level 21.0(26.1) Fighting
 - Level 19.8(22.9) Dodging
 - Level 5.0(8.3) Stealth
 - Level 18.8(25.8) Shields
 - Level 22.9(24.9) Unarmed Combat
 - Level 18.8(24.0) Spellcasting
 - Level 9.6(13.1) Conjurations
 - Level 3.0(5.9) Hexes
 - Level 23.0(26.0) Necromancy
 - Level 3.0(5.9) Translocations
 - Level 12.5(15.9) Transmutations
 - Level 25.5 Ice Magic
 - Level 23.0 Earth Magic
 + Level 18.7(20.7) Evocations


You had 8 spell levels left.
You knew the following spells:

 Your Spells              Type           Power      Damage    Failure   Level
a - Apportation           Tloc           100%       N/A       1%          1
b - Blink                 Tloc           100%       N/A       1%          2
c - Shatter               Erth           64%        3d48*     2%          9
i - Ignite Poison         Fire/Tmut/Pois 78%        N/A       1%          3
l - Lesser Beckoning      Tloc           80%        N/A       1%          3
z - Polar Vortex          Ice            67%        N/A       1%          9
A - Ozocubu's Armour      Ice            100%       N/A       0%          3
D - Death's Door          Necr           67%        N/A       1%          9
I - Irradiate             Conj/Tmut      54%        3d31      1%          5
N - Necromutation         Tmut/Necr      62%        N/A       1%          8
R - Borgnjor's Revivific  Necr           67%        N/A       1%          8
S - Statue Form           Tmut/Erth      80%        N/A       1%          6

Your spell library contained the following spells:

 Spells                   Type           Power      Damage    Failure   Level
 Animate Skeleton         Necr           100%       N/A       0%          1
 Beastly Appendage        Tmut           100%       N/A       0%          1
 Freeze                   Ice            100%       1d11      0%          1
 Magic Dart               Conj           100%       1d8       0%          1
 Pain                     Necr           100%       1d9       0%          1
 Sandblast                Erth           100%       2d20      0%          1
 Sting                    Tmut/Pois      100%       1d8       0%          1
 Corpse Rot               Necr/Air       100%       N/A       0%          2
 Ensorcelled Hibernation  Hex/Ice        100%       N/A       0%          2
 Passwall                 Tmut/Erth      100%       N/A       0%          2
 Searing Ray              Conj           100%       2d8       0%          2
 Sublimation of Blood     Necr           100%       N/A       0%          2
 Wereblood                Tmut           100%       N/A       0%          2
 Frozen Ramparts          Ice            100%       1d12      0%          3
 Stone Arrow              Conj/Erth      100%       3d13      0%          3
 Vampiric Draining        Necr           100%       2d13      0%          3
 Anguish                  Hex/Necr       56%        N/A       0%          4
 Animate Dead             Necr           67%        N/A       0%          4
 Dispel Undead            Necr           100%       3d31      0%          4
 Hailstorm                Conj/Ice       100%       3d20      0%          4
 Ice Form                 Ice/Tmut       100%       N/A       0%          4
 Leda's Liquefaction      Hex/Erth       54%        N/A       0%          4
 Petrify                  Tmut/Erth      100%       N/A       0%          4
 Summon Ice Beast         Ice/Summ       100%       N/A       0%          4
 Agony                    Necr           100%       N/A       0%          5
 Blade Hands              Tmut           56%        N/A       0%          5
 Borgnjor's Vile Clutch   Necr/Erth      66%        N/A       0%          5
 Excruciating Wounds      Necr           67%        N/A       0%          5
 Lee's Rapid Deconstruct  Erth           64%        3d30*     0%          5
 Metabolic Englaciation   Hex/Ice        56%        N/A       0%          5
 Death Channel            Necr           67%        N/A       0%          6
 Simulacrum               Ice/Necr       67%        N/A       0%          6
 Ozocubu's Refrigeration  Ice            67%        4d18      0%          7
 Summon Small Mammal      Summ           100%       N/A       1%          1
 Poisonous Vapours        Pois/Air       100%       N/A       1%          2
 Scorch                   Fire           100%       2d10      1%          2
 Static Discharge         Conj/Air       83%        N/A       1%          2
 Conjure Flame            Conj/Fire      83%        6-21      1%          3
 Dazzling Flash           Conj/Hex       100%       N/A       1%          3
 Gell's Gravitas          Tloc           80%        N/A       1%          3
 Inner Flame              Hex/Fire       67%        N/A       1%          3
 Mephitic Cloud           Conj/Pois/Air  74%        N/A       1%          3
 Portal Projectile        Hex/Tloc       100%       N/A       1%          3
 Spider Form              Tmut/Pois      89%        N/A       1%          3
 Swiftness                Air            51%        N/A       1%          3
 Teleport Other           Tloc           80%        N/A       1%          3
 Tukima's Dance           Hex            80%        N/A       1%          3
 Cause Fear               Hex            40%        N/A       1%          4
 Flame Wave               Conj/Fire      83%        2d14      1%          4
 Fulminant Prism          Conj/Hex       46%        3d21      1%          4
 Iskenderun's Mystic Bla  Conj/Tloc      93%        2d18      1%          4
 Passage of Golubria      Tloc           80%        N/A       1%          4
 Sticky Flame             Conj/Fire      83%        2d9       1%          4
 Alistair's Intoxication  Tmut/Pois      59%        N/A       1%          5
 Fireball                 Conj/Fire      41%        3d17      1%          5
 Freezing Cloud           Conj/Ice/Air   52%        6-21      1%          5
 Iskenderun's Battlesphe  Conj           100%       2d15      1%          5
 Lightning Bolt           Conj/Air       41%        1d60      1%          5
 Manifold Assault         Tloc           80%        N/A       1%          5
 Yara's Violent Unravell  Hex/Tmut       49%        3d19      1%          5
 Eringya's Noxious Bog    Tmut/Pois      44%        N/A       1%          6
 Iron Shot                Conj/Erth      59%        9d11      1%          6
 Dragon Form              Tmut           56%        N/A       1%          7
 Haunt                    Necr/Summ      52%        N/A       1%          7
 Orb of Destruction       Conj           52%        9d13      1%          7
 Lehudib's Crystal Spear  Conj/Erth      59%        10d14     1%          8
 Summon Forest            Summ/Tloc      34%        N/A       2%          5
 Summon Mana Viper        Hex/Summ       68%        N/A       2%          5
 Airstrike                Air            25%        N/A       3%          4
 Olgreb's Toxic Radiance  Pois           53%        N/A       3%          4
 Summon Lightning Spire   Summ/Air       52%        N/A       3%          4
 Silence                  Hex/Air        33%        N/A       3%          5
 Conjure Ball Lightning   Conj/Air       41%        3x3d13    3%          6
 Starburst                Conj/Fire      41%        6d12      3%          6
 Dispersal                Tloc           40%        N/A       4%          6
 Storm Form               Tmut/Air       44%        N/A       12%         7
 Enfeeble                 Hex            40%        N/A       26%         7
 Summon Cactus Giant      Summ           27%        N/A       41%         6
 Malign Gateway           Summ/Tloc      34%        N/A       63%         7
 Discord                  Hex            40%        N/A       90%         8
 Disjunction              Tloc           40%        N/A       91%         8
 Monstrous Menagerie      Summ           27%        N/A       94%         7
 Summon Hydra             Summ           27%        N/A       94%         7
 Ignition                 Fire           25%        3d9       100%        8
 Maxwell's Capacitive Co  Air            25%        ∞         100%        8
 Summon Horrible Things   Summ           27%        N/A       100%        8
 Chain Lightning          Conj/Air       41%        3d55      100%        9
 Dragon's Call            Summ           27%        N/A       100%        9
 Fire Storm               Conj/Fire      41%        8d11      100%        9
 Animate Armour           Summ/Erth      Unusable   N/A       N/A         4

Dungeon Overview and Level Annotations

Branches:
Dungeon (15/15)            Temple (1/1) D:4            Lair (6/6) D:9
 Shoals (4/4) Lair:4        Snake (4/4) Lair:2        Slime (5/5) Lair:5
    Orc (2/2) D:10            Elf (3/3) Orc:2        Vaults (5/5) D:13
  Crypt (3/3) Vaults:3       Tomb (1/3) Crypt:3      Depths (4/4) D:15
    Zot (5/5) Depths:4    Ossuary (visited)           IceCv (visited)
Gauntlet (visited)

Altars:
Ashenzari
Cheibriados
Dithmenos
Elyvilon
Fedhas
Gozag
Hepliaklqana
Kikubaaqudgha
Makhleb
Nemelex Xobeh
Okawaru
Qazlal
Ru
Sif Muna
Trog
Uskayaw
Vehumet
Wu Jian
Xom
Yredelemnul
Zin
The Shining One
Beogh

Shops:
D:1 =   Orc:1 *   Orc:2 :=!   Elf:1 *   Elf:3 *=   Shoals:4 (   Snake:1 *
Snake:4 (*   Vaults:1 ?=   Vaults:4 :*!*   Depths:4 ([*!!

Portals:
Hell: Depths:1 Depths:2 Depths:3 Depths:4
Abyss: Depths:3
Pandemonium: Depths:2

Annotations:
D:10 3 runed translucent doors, kae's ghost, journeyman DgFE


Innate Abilities, Weirdness & Mutations

You cannot wear most types of armour.
You are amphibious.
You can wear up to eight rings at the same time.
Your skin changes colour to match your surroundings (Stealth+).
Your rubbery body absorbs attacks. (AC +1, EV +1)
((You are camouflaged when in or above water. (Stealth+)))
You have tentacles for arms and can constrict up to eight enemies at once.
You are agile. (Dex +2)
Your system is resistant to poisons. (rPois)
You are robust. (+10% HP)
You are weak. (Str -2)
You expend magic power (3 MP) to strengthen your wands.


Message History

A mysterious force pulls you upwards. The hatch slams shut behind you.
HP restored.
You revert to your normal fleshy form.
There is a stone staircase leading up here.
You climb upwards.
There is a stone staircase leading down here.
There is an open door here.
There is a stone staircase leading up here.
You climb upwards.
There is a stone staircase leading down here.
Things that are here:
a +0 robe; a +5 dagger of pain
There is a stone staircase leading up here.
You climb upwards.
There is a stone staircase leading down here.
There is a stone staircase leading up here.
You climb upwards.
There is a stone staircase leading down here.
There is a stone staircase leading up here.
You climb upwards.
There is a stone staircase leading down here.
There is a stone staircase leading up here.
You climb upwards.
There is a stone staircase leading down here.
There is a stone staircase leading up here.
You climb upwards.
There is a stone staircase leading down here.
There is a stone staircase leading up here.
You climb upwards.
There is a stone staircase leading down here.
A demonic crawler comes into view.
The demonic crawler moves out of view.
The demonic crawler shrieks in warning!
You open the door.
The demonic crawler shrieks in warning!
There is an open door here.
Really wriggle into a travel-excluded area?
The demonic crawler shrieks in warning!
There is a staircase leading out of the dungeon here.
You have escaped!

##### #...# ####### ### #...#
####### #.###...# ###########
#...#...# #....@....###.......#
###### #....s....#....##)..##
#....# ###.........#....##....#
#....# #.#..#...#..#....#.....#
#....# #.#.........#...........
#..†.###.#.........#....###.###
#........#..#...#..#....###.#
#....#...#...§°°°..#......#.##
#....##......○°§○............##


You could see a demonic crawler (catching breath).

Vanquished Creatures
  the Royal Jelly (Slime:5)
  17 pandemonium lords
  12 dread liches
  7 ancient liches
  Mara (Shoals:3)
  4 orbs of fire
  5 juggernauts
  19 royal mummies
  The ghost of Boamp the Black Belt, a legendary OpVM of Gozag (Zot:1)
  Boris (twice) (Depths:4 Crypt:2)
  Vv (Crypt:3)
  Frederick (Depths:3)
  18 Killer Klowns
  Xtahua (Vaults:5)
  9 shard shrikes
  Saint Roka (Orc:2)
  37 golden dragons
  A caustic shrike (Depths:3)
  A curse toe (Zot:4)
  Nikola (Shoals:3)
  A profane servitor (Crypt:3)
  3 bone dragons
  2 pearl dragons (Zig:8)
  4 electric golems
  A hellephant (Zig:5)
  2 iron giants (shapeshifter)
  Jorgrun (Elf:2)
  26 tentacled monstrosities
  A walking crystal tome (Depths:3)
  2 Hell Sentinels (Zig:4)
  Zenata (Crypt:3)
  A searing wretch (Zig:5)
  The ghost of Aptu the Tortoise, an adept GrFi of Makhleb (Crypt:3)
  13 Ice Fiends
  24 Orb Guardians (Zot:5)
  3 walking frostbound tomes
  Mlioglotl (Snake:2)
  The ghost of Aram the Tortoise, an adept MyMo of Okawaru (Vaults:2)
  A walking earthen tome (Zot:2)
  2 deep elf master archers
  16 titans
  3 deep elf blademasters
  7 quicksilver dragons
  5 krakens
  9 liches
  5 tentacled starspawn
  20 acid blobs
  The ghost of Xulekkuc the Pandemonic, an adept DsHu of Makhleb (Vaults:3)
  A quicksilver dragon (shapeshifter) (Zig:26)
  2 Executioners
  23 sphinxes
  10 ancient champions
  9 shadow dragons
  12 death cobs
  A thorn hunter (Zig:18)
  8 tengu reavers
  12 storm dragons
  Roxanne (Shoals:3)
  12 nagarajas
  3 daevas
  14 draconian knights
  13 rockslimes
  13 narguns
  A frost giant (shapeshifter) (Zig:26)
  19 draconian monks
  Donald (Elf:2)
  13 azure jellies
  Ilsuiw (Shoals:2)
  13 fire giants
  An emperor scorpion (Zig:18)
  2 fire giants (shapeshifter) (Zig:26)
  2 fenstrider witches (shapeshifter)
  10 frost giants
  17 vault wardens
  2 orc warlords
  3 caustic shrike zombies
  11 draconian shifters
  13 deep elf sorcerers
  4 curse skulls
  7 ghost moths
  5 iron dragons
  13 draconian scorchers
  5 balrugs
  16 draconian stormcallers
  An angel (Zig:8)
  11 draconian annihilators
  4 deep elf elementalists
  12 ghouls
  A reaper (Zig:22)
  3 demonspawn corrupters
  9 quicksilver oozes
  29 very ugly things
  A war gargoyle (Zig:19)
  4 demonspawn blood saints (Zig:21)
  An ophan (Zig:8)
  3 apis (Zig:8)
  25 stone giants
  9 ironbound thunderhulks
  4 bennus
  7 ironbound preservers
  A broodmother (shapeshifter) (Zig:25)
  Azrael (Orc:2)
  3 eleionomae
  10 deep elf demonologists
  20 green draconians
  13 vampire knights
  11 black draconians
  10 wendigos (Zig:23)
  11 spark wasps
  A minotaur (shapeshifter) (Zig:26)
  6 purple draconians
  2 bunyips
  A bunyip (shapeshifter) (Zig:16)
  2 dire elephants (shapeshifter)
  17 dire elephants
  19 white draconians
  17 deep elf annihilators
  11 yellow draconians
  13 red draconians
  4 blizzard demons
  A minotaur (Gauntlet)
  An entropy weaver (Vaults:3)
  8 merfolk impalers
  5 eidola
  The ghost of kobe the Stormcaller, a journeyman TeAE of Qazlal (Lair:4)
  15 deep elf death magi
  19 green deaths (Zig:27)
  14 mummy priests
  An iron golem (Zig:4)
  14 jiangshi
  A fire dragon (shapeshifter) (Zig:26)
  8 fire dragons
  21 ettins
  18 merfolk javelineers
  A fenstrider witch zombie (Crypt:1)
  6 deep elf high priests
  19 yaktaur captains
  5 shambling mangroves (Zig:27)
  A juggernaut simulacrum (Zig:15)
  33 vault guards
  10 great orbs of eyes
  10 ice dragons
  A hell beast (D:13)
  8 boulder beetles
  A caustic shrike simulacrum (Zig:23)
  An ice dragon (shapeshifter) (Zig:25)
  4 rakshasas
  2 spriggan zombies
  A ghost crab (Zig:27)
  5 spriggan air magi
  9 naga warriors
  A catoblepas (shapeshifter) (Zig:26)
  24 hydras
  13 salamander tyrants
  8 ironbound frosthearts
  10 anacondas
  4 alligator snapping turtles
  7 death yaks
  10 ogre magi
  2 anacondas (shapeshifter) (Zig:26)
  20 centaur warriors
  15 merfolk aquamancers
  A spriggan skeleton (Depths:3)
  A merfolk avatar (Shoals:1)
  A catoblepas (D:14)
  2 death yaks (shapeshifter)
  An alligator snapping turtle (shapeshifter) (Depths:4)
  5 death knights
  23 dancing weapons
  14 two-headed ogres
  6 satyrs
  A two-headed ogre (shapeshifter) (Zig:25)
  4 deep troll shamans
  11 tengu warriors
  An alligator (shapeshifter) (Zig:26)
  3 deep troll earth magi
  3 hell hogs (Depths:1)
  19 death scarabs
  5 thrashing horrors
  6 vampire magi
  Urug (Orc:2)
  2 titan zombies
  8 orc high priests
  A shock serpent (shapeshifter) (Zig:26)
  Amaemon (Lair:3)
  19 naga sharpshooters
  6 spriggan berserkers
  17 deep elf knights
  16 large abominations
  34 hell knights
  6 soul eaters
  14 shock serpents
  An iron troll (Depths:4)
  A titan skeleton (Zig:12)
  A sixfirhy (Zig:14)
  7 wretched stars
  A storm dragon zombie (Crypt:2)
  7 sun demons
  6 salamander mystics
  18 skeletal warriors
  2 pharaoh ants (Zig:18)
  7 spatial maelstroms
  A spark wasp zombie (Zig:12)
  8 shadow wraiths
  A spectral human (Vaults:3)
  7 death drakes (Zig:27)
  5 flayed ghosts
  A deep troll (shapeshifter) (Zig:19)
  22 deep trolls
  A spriggan druid (Zig:27)
  An anaconda zombie (Crypt:1)
  15 sea snakes
  6 glowing orange brains
  11 swamp dragons
  15 wizards
  2 golden dragon skeletons
  A cherub (Zig:8)
  10 deep elf archers
  6 bog bodies
  7 obsidian statues
  A shadow dragon zombie (Zig:9)
  10 lindwurms
  15 orc knights
  8 naga ritualists
  Pikel (D:4)
  4 orange crystal statues
  24 ironbound convokers
  33 deep elf pyromancers
  24 phantasmal warriors
  2 harpies (shapeshifter)
  19 deep elf zephyrmancers
  An iron dragon zombie (Crypt:3)
  9 salamanders
  18 necromancers
  6 orc sorcerers
  A draconian zombie (Crypt:1)
  3 wolf spiders
  41 harpies
  65 ugly things
  8 mana vipers
  A fire giant zombie (Zig:9)
  An eleionoma zombie (Crypt:2)
  A wolf spider (shapeshifter) (Zig:25)
  16 elephants
  A shining eye (shapeshifter) (Zig:16)
  5 cyclopes
  23 fauns
  A cyclops (shapeshifter) (Zig:26)
  A will-o-the-wisp (Zig:27)
  15 manticores
  11 smoke demons
  45 moths of wrath
  19 oklob plants (Zig:24)
  A fire giant skeleton (Zig:12)
  An eye of devastation (Slime:5)
  An ice statue (Zig:8)
  A worldbinder (Zig:22)
  A frost giant skeleton (Zig:9)
  21 merfolk sirens
  3 shining eyes
  23 naga magi
  10 water nymphs
  A molten gargoyle (Depths:1)
  45 black mambas
  3 gargoyles
  A torpor snail (shapeshifter) (Vaults:2)
  6 apocalypse crabs
  2 torpor snails
  5 guardian serpents
  An orange demon (Lair:3)
  A storm dragon simulacrum (Zig:23)
  25 vault sentinels
  2 naga skeletons (Crypt:2)
  3 demonic crawlers
  An elephant slug zombie (Crypt:2)
  7 centaur skeletons
  A rime drake (shapeshifter) (Elf:1)
  11 cane toads
  9 komodo dragons
  A yaktaur (shapeshifter) (Elf:3)
  6 tormentors
  11 freezing wraiths
  An iron troll zombie (Crypt:3)
  2 black draconian skeletons
  5 hellions
  16 rime drakes
  4 tengu conjurers
  3 ice devils
  A komodo dragon (shapeshifter) (Elf:2)
  28 yaktaurs
  7 ancient zymes
  A hellwing (Zot:1)
  A spark wasp simulacrum (Depths:3)
  A silent spectre (Orc:1)
  2 trolls (shapeshifter)
  A sea snake skeleton (Crypt:3)
  26 polar bears
  61 merfolk
  11 trolls
  26 guardian mummies
  A sphinx simulacrum (Zig:12)
  11 wind drakes
  64 slime creatures
  A slime creature (shapeshifter) (Zig:7)
  Grinder (D:5)
  3 tarantellas
  A polar bear (shapeshifter) (D:14)
  4 harpy skeletons
  11 snapping turtles
  2 tyrant leeches
  A culicivora zombie (Crypt:3)
  4 raiju
  22 hornets
  7 dream sheep
  An alligator zombie (Crypt:3)
  26 blink frogs
  A black mamba zombie (Crypt:2)
  14 flying skulls
  A jumping spider (shapeshifter) (Zig:26)
  30 spriggans
  26 starcursed masses
  11 wraiths
  3 jumping spiders (Zig:18)
  2 air elementals
  2 culicivoras (shapeshifter)
  3 centaur simulacra
  63 yaks
  32 water elementals
  Sigmund (D:2)
  A shadow (D:10)
  4 ynoxinuls
  An ettin skeleton (Crypt:3)
  8 basilisks
  2 spriggans (shapeshifter)
  6 wyverns
  5 fire elementals
  2 vampires
  10 ushabtiu
  2 golden eyes (Zig:22)
  4 neqoxecs
  7 vampire mosquitoes
  A redback (shapeshifter) (Elf:2)
  6 chaos spawn
  3 acid dragons
  3 steam dragons
  A spatial vortex (Zig:22)
  4 swamp worms (D:14)
  A swamp worm (shapeshifter) (Zig:26)
  6 wargs
  28 nagas
  7 hell hounds
  7 small abominations
  Duvessa (D:7)
  A harpy simulacrum (Crypt:3)
  A two-headed ogre skeleton (Crypt:1)
  10 water moccasins
  A cane toad skeleton (Crypt:1)
  2 floating eyes (Slime:5)
  2 floating eyes (shapeshifter)
  3 ice beasts
  A sky beast (D:8)
  11 black bears
  52 orc warriors
  A hornet zombie (Crypt:1)
  25 wolves
  A blink frog zombie (Crypt:1)
  A boggart (shapeshifter) (Zig:26)
  9 boggarts
  23 ogres
  30 centaurs
  2 phantoms
  An elephant skeleton (Crypt:2)
  An earth elemental (Elf:3)
  14 bullfrogs
  2 gnoll sergeants
  A yaktaur skeleton (Crypt:2)
  5 scorpions
  An elf skeleton (Crypt:1)
  7 necrophages
  A wyvern skeleton (Crypt:2)
  Dowan (D:7)
  A hornet simulacrum (D:15)
  10 killer bees
  3 troll zombies (D:10)
  A polar bear skeleton (Crypt:3)
  2 electric eels (Vaults:4)
  4 howler monkeys
  3 lava snakes (Zig:23)
  A jelly (D:6)
  9 centaur zombies
  An iron imp (D:7)
  4 hounds
  A gnoll shaman (Lair:5)
  34 orc priests
  2 iguanas (D:6)
  Natasha (thrice) (D:4)
  7 lightning spires
  17 orc wizards
  5 ogre zombies (D:10)
  A naga zombie (Crypt:1)
  39 mummies
  9 gnolls
  A steam dragon zombie (Crypt:3)
  6 adders
  2 shadow imps
  3 white imps
  An ufetubus (D:5)
  An iguana skeleton (Crypt:1)
  2 dart slugs
  96 orcs
  9 ball pythons
  7 endoplasms
  4 giant cockroaches
  7 hobgoblins
  5 kobolds
  A quokka (D:1)
  3 training dummies (Shoals:4)
  4 bats
  3 frilled lizards (D:1)
  A giant cockroach zombie (Crypt:3)
  7 goblins
  2 goblin skeletons (D:10)
  2 goblin zombies (D:10)
  A hobgoblin skeleton (D:10)
  4 hobgoblin zombies
  6 orc skeletons
  13 orc zombies (D:10)
  6 rats
  2 rat zombies (D:5)
  A butterfly (Lair:2)
  2 plants (Zig:24)
  5 starspawn tentacles (Zig:22)
  12 tentacles
3537 creatures vanquished.

Vanquished Creatures (collateral kills)
  A draconian shifter (Zot:5)
  A moth of wrath (Orc:1)
  A troll (Orc:1)
3 creatures vanquished.

Vanquished Creatures (others)
  A Killer Klown (Zig:26)
  An Orb Guardian (Zot:5)
  2 tengu reavers
  A demonspawn blood saint (Zig:21)
  A very ugly thing (Zig:26)
  A rakshasa (Zig:14)
  A necromancer (Zig:21)
  An ugly thing (Zig:26)
  A manticore (Shoals:3)
  2 naga magi (Zig:21)
  An apocalypse crab (Zig:16)
  A hornet (Zig:27)
  A bloated husk (Zig:27)
  A troll (Orc:1)
  A culicivora (shapeshifter) (Zig:16)
  A small abomination (Zig:22)
  An orc wizard (Orc:2)
  A demonic plant (Gauntlet)
  25 fungi
  380 plants
  7 starspawn tentacles
  14 tentacles
446 creatures vanquished.

Grand Total: 3986 creatures vanquished

Notes
Turn   | Place    | Note
-------+----------+-------------------------------------------
     0 | D:1      | Charly the Octopode Ice Elementalist began the quest for
                  | the Orb.
     0 | D:1      | Reached XP level 1. HP: 11/11 MP: 3/3
   133 | D:1      | Reached skill level 1 in Fighting
   277 | D:1      | Reached XP level 2. HP: 7/18 MP: 0/5
   571 | D:1      | Found Fohuir's One-of-a-Kind Rings.
   857 | D:1      | Found a faded altar of an unknown god.
   885 | D:1      | Reached XP level 3. HP: 19/25 MP: 1/6
  1221 | D:2      | Noticed Sigmund
  1747 | D:2      | Learned a level 3 spell: Frozen Ramparts
  1749 | D:2      | Learned a level 1 spell: Animate Skeleton
  1781 | D:2      | Found a bloodstained altar of Trog.
  2321 | D:3      | Reached XP level 4. HP: 27/31 MP: 4/7
  2589 | D:3      | Found an ornate altar of the Wu Jian Council.
  3284 | D:4      | Found a staircase to the Ecumenical Temple.
  3294 | Temple   | Entered the Ecumenical Temple
  3509 | Temple   | Became a worshipper of Ashenzari the Shackled
  3543 | D:4      | Noticed a lemure
  3543 | D:4      | Noticed a lemure
  3545 | D:4      | Noticed a lemure
  3546 | D:4      | Noticed Pikel
  3546 | D:4      | Noticed a lemure
  3655 | D:4      | Found a glowing silver altar of Zin.
  3677 | D:4      | Noticed a scorpion
  3685 | D:4      | Killed a scorpion
  3686 | D:4      | Reached skill level 5 in Ice Magic
  3686 | D:4      | Reached XP level 5. HP: 30/36 MP: 1/8
  3774 | D:4      | Killed Pikel
  3775 | D:4      | Reached skill level 5 in Stealth
  3775 | D:4      | Reached skill level 7 in Ice Magic
  3775 | D:4      | Reached XP level 6. HP: 19/42 MP: 1/9
  3775 | D:4      | Reached XP level 7. HP: 21/46 MP: 1/10
  3950 | D:4      | Learned a level 3 spell: Ozocubu's Armour
  4380 | D:4      | Noticed Natasha
  4388 | D:4      | Killed Natasha
  4391 | D:4      | Noticed Natasha
  4398 | D:4      | Killed Natasha
  4456 | D:4      | Noticed Natasha
  4463 | D:4      | Killed Natasha
  4882 | D:5      | Entered Level 5 of the Dungeon
  4960 | D:5      | Reached skill level 8 in Ice Magic
  4960 | D:5      | Reached skill level 1 in Evocations
  4960 | D:5      | Reached XP level 8. HP: 27/52 MP: 5/12
  5154 | D:5      | Noticed Grinder
  5345 | D:2      | Killed Sigmund
  6323 | D:5      | Found an ancient bone altar of Kikubaaqudgha.
  6324 | D:5      | Reached * piety under Ashenzari
  6672 | D:5      | Learned a level 4 spell: Ice Form
  6733 | D:5      | Paralysed by Grinder for 3 turns
  6736 | D:5      | Killed Grinder
  6737 | D:5      | Reached skill level 1 in Transmutations
  6737 | D:5      | Reached skill level 9 in Ice Magic
  7074 | D:6      | Found an opulent altar of Gozag.
  7178 | D:6      | Found a bloodstained altar of Trog.
  7190 | D:6      | Reached XP level 9. HP: 39/56 MP: 7/13
  7652 | D:6      | Identified the cursed +1 hand axe of the Bound Stars
                  | {drain, Fort, Alch} (You found it on level 3 of the
                  | Dungeon)
  7858 | D:1      | Bought the ring "Qaab" {rPois Will+} for 391 gold pieces
  8049 | D:7      | Noticed Duvessa
  8063 | D:7      | Noticed Dowan
  8063 | D:7      | Killed Duvessa
  8240 | D:7      | Found a basalt altar of Yredelemnul.
  8305 | D:7      | Killed Dowan
  8346 | D:7      | Reached skill level 10 in Ice Magic
  8675 | D:7      | Reached skill level 5 in Transmutations
  8737 | D:7      | Found a snail-covered altar of Cheibriados.
  8957 | D:8      | Found a sand-covered staircase.
  8966 | Ossuary  | Entered an ossuary
  9112 | Ossuary  | Reached skill level 5 in Spellcasting
  9179 | Ossuary  | Identified a scroll of acquirement
  9192 | Ossuary  | Reached skill level 1 in Unarmed Combat
  9219 | Ossuary  | Acquired the ring "Moech" {Will+ Int+5}
  9288 | D:8      | Learned a level 4 spell: Hailstorm
  9529 | D:8      | Noticed a two-headed ogre
  9538 | D:8      | Killed a two-headed ogre
  9539 | D:8      | Reached skill level 1 in Conjurations
  9539 | D:8      | Reached skill level 5 in Evocations
  9539 | D:8      | Reached XP level 10. HP: 28/63 MP: 11/17
 10292 | D:8      | Found a glowing golden altar of the Shining One.
 10292 | D:8      | Found a shadowy altar of Dithmenos.
 10294 | D:8      | Found a hide-covered altar of Uskayaw.
 10296 | D:8      | Found a stormy altar of Qazlal.
 10297 | D:8      | Found a sparkling altar of Nemelex Xobeh.
 10315 | D:8      | Reached ** piety under Ashenzari
 10852 | D:9      | Reached skill level 5 in Unarmed Combat
 11046 | D:9      | Reached skill level 5 in Fighting
 11275 | D:9      | Found a staircase to the Lair.
 11281 | D:9      | Reached XP level 11. HP: 72/72 MP: 10/18
 11524 | D:9      | Learned a level 5 spell: Irradiate
 11547 | D:10     | Entered Level 10 of the Dungeon
 11551 | D:10     | Found a staircase to the Orcish Mines.
 11819 | D:10     | Noticed a two-headed ogre
 11828 | D:10     | Killed a two-headed ogre
 12043 | D:10     | Found a runed translucent gate.
 12043 | D:10     | Found a runed translucent gate.
 12044 | D:10     | Found a runed translucent gate.
 12044 | D:10     | Noticed kae's ghost (journeyman DgFE)
 12847 | D:10     | Identified Muymurumn's Compendium of Congealing Venom
 12904 | D:10     | Identified the Tome of the Fetching Rocks
 13323 | D:11     | Reached *** piety under Ashenzari
 13371 | D:11     | Noticed a centaur warrior
 13383 | D:11     | Killed a centaur warrior
 13595 | D:11     | Noticed a cyclops
 13602 | D:11     | Killed a cyclops
 13694 | D:11     | Reached XP level 12. HP: 81/81 MP: 21/21
 13755 | D:11     | Identified the +9 short sword of Rotefide {venom, Fragile
                  | rElec Dex+5 Stlth-}
 13922 | D:11     | Noticed a two-headed ogre
 13927 | D:11     | Killed a two-headed ogre
 13928 | D:11     | Reached skill level 5 in Conjurations
 14461 | Lair:1   | Entered Level 1 of the Lair of Beasts
 14467 | Lair:1   | Reached **** piety under Ashenzari
 14654 | Lair:1   | Noticed a five-headed hydra
 14664 | Lair:1   | Killed a five-headed hydra
 15542 | Lair:1   | Reached skill level 10 in Unarmed Combat
 15718 | Lair:2   | Noticed a death yak
 15718 | Lair:2   | Noticed a death yak
 15718 | Lair:2   | Noticed a death yak
 15718 | Lair:2   | Noticed a death yak
 15718 | Lair:2   | Noticed a death yak
 15718 | Lair:2   | Noticed a death yak
 15725 | Lair:2   | Killed a death yak
 15726 | Lair:2   | Killed a death yak
 15727 | Lair:2   | Killed a death yak
 15727 | Lair:2   | Killed a death yak
 15727 | Lair:2   | Killed a death yak
 15728 | Lair:2   | Reached skill level 10 in Transmutations
 15730 | Lair:2   | Killed a death yak
 15884 | Lair:2   | Identified the +1 ring mail of Plasticity {Harm rCorr Str-5
                  | Slay-3}
 16104 | Lair:2   | Reached XP level 13. HP: 90/90 MP: 9/23
 16372 | Lair:2   | Found a staircase to the Snake Pit.
 16926 | Lair:3   | Identified the +7 flail of Mourning {vorpal, rC+ Will+
                  | rCorr Dex+2}
 17443 | Lair:3   | Noticed Amaemon
 17455 | Lair:3   | Killed Amaemon
 18482 | Lair:4   | Found a transporter.
 18535 | Lair:4   | Reached XP level 14. HP: 101/101 MP: 17/24
 18580 | Lair:4   | Identified the +6 long sword of the Leaping Gods {vorpal,
                  | Fly rPois MP+9 Str-2}
 18581 | Lair:4   | Noticed kobe's ghost (journeyman TeAE)
 18581 | Lair:4   | Identified the amulet "Rohyim" {Reflect Fragile rC+ Str+3
                  | Dex+8 SH+5}
 18596 | Lair:4   | Killed kobe's ghost
 18599 | Lair:4   | Found a transporter.
 18935 | Lair:4   | Found a staircase to the Shoals.
 19513 | Lair:5   | Found a gate leading to a gauntlet.
 19517 | Lair:5   | Identified the +1 leather armour of Noedodes {Int+4 Dex+3}
 19522 | Gauntlet | Entered a Gauntlet
 19522 | Gauntlet | Noticed a cacodemon
 19522 | Gauntlet | Identified the amulet of Lovis {Regen+ Int+4}
 19522 | Gauntlet | Found a transporter.
 19531 | Gauntlet | Found a transporter.
 19549 | Gauntlet | Found a transporter.
 19550 | Gauntlet | Found a transporter.
 19562 | Gauntlet | Found the ring of the Tortoise {AC+8}
 19571 | Gauntlet | Found a transporter.
 19584 | Gauntlet | Found a transporter.
 19597 | Gauntlet | Found a transporter.
 19624 | Gauntlet | Found a runed translucent door.
 19625 | Gauntlet | Found a transporter.
 19633 | Gauntlet | Found a transporter.
 19655 | Gauntlet | Found a transporter.
 19662 | Gauntlet | Found a transporter.
 19688 | Gauntlet | Found a transporter.
 20365 | Lair:5   | Reached ***** piety under Ashenzari
 21092 | Lair:5   | Found a staircase to the Slime Pits.
 21116 | Lair:5   | Learned a level 5 spell: Yara's Violent Unravelling
 21120 | Lair:6   | Entered Level 6 of the Lair of Beasts
 21127 | Lair:6   | Found a white marble altar of Elyvilon.
 21261 | Lair:6   | Reached skill level 10 in Fighting
 21353 | Lair:6   | Reached skill level 1 in Hexes
 21453 | Lair:6   | Reached skill level 15 in Unarmed Combat
 21523 | Lair:6   | Reached skill level 5 in Dodging
 21844 | Lair:6   | Reached XP level 15. HP: 109/109 MP: 16/25
 23650 | D:12     | Noticed a sphinx
 23659 | D:12     | Killed a sphinx
 24227 | D:13     | Learned a level 5 spell: Metabolic Englaciation
 24338 | D:13     | Identified the cursed +0 buckler "Ensconced Oracle" {Alch,
                  | Self} (You took it off a spriggan on level 6 of the Lair of
                  | Beasts)
 24670 | D:13     | Found a sparkling altar of Nemelex Xobeh.
 25175 | D:13     | Found a gate to the Vaults.
 25522 | D:14     | Found a frozen archway.
 25543 | IceCv    | Entered an ice cave
 25752 | IceCv    | Reached XP level 16. HP: 118/118 MP: 19/26
 25825 | IceCv    | Identified the +6 falchion of Indomitability {freeze, Int+7
                  | Dex+2}
 26073 | IceCv    | Noticed a shard shrike
 26085 | IceCv    | Killed a shard shrike
 27000 | D:14     | Identified the +1 leather armour of the Forgotten Stars
                  | {Dex+3}
 27379 | D:1      | Bought a +9 ring of dexterity for 1428 gold pieces
 27963 | D:14     | Reached skill level 10 in Evocations
 28751 | D:15     | Entered Level 15 of the Dungeon
 28982 | D:15     | Reached XP level 17. HP: 109/129 MP: 5/29
 29017 | D:15     | Found a staircase to the Depths.
 29803 | Orc:1    | Entered Level 1 of the Orcish Mines
 29843 | Orc:1    | Found a bloodstained altar of Trog.
 29843 | Orc:1    | Found the necklace of Bloodlust {*Rage Will++ Int-3 Slay+6}
 29843 | Orc:1    | Identified the +9 battleaxe "Epnud" {freeze, rElec rN+
                  | SInv}
 30018 | Orc:1    | Found a transporter.
 30306 | Orc:1    | Found Loshru's Gadget Gallery.
 30516 | Orc:1    | Found a transporter.
 30516 | Orc:1    | Found a runed translucent door.
 31146 | Orc:2    | Entered Level 2 of the Orcish Mines
 31146 | Orc:2    | Noticed Urug
 31149 | Orc:2    | Killed Urug
 31512 | Orc:2    | Noticed Saint Roka
 31539 | Orc:2    | Reached skill level 10 in Dodging
 31550 | Orc:2    | Killed Saint Roka
 31774 | Orc:2    | Found Ocwicw's Distillery.
 31981 | Orc:2    | Found Useanes's Jewellery Shop.
 32303 | Orc:2    | Identified the +1 plate armour of Ratwucel {*Slow rF+
                  | Int+4}
 32705 | Orc:2    | Found a staircase to the Elven Halls.
 32832 | Orc:2    | Noticed Azrael
 32843 | Orc:2    | Killed Azrael
 33042 | Orc:2    | Found Rujaedwi's Book Shop.
 33115 | Orc:2    | Found Luxab's Book Boutique.
 33314 | Orc:2    | Bought the ring of Vehumet's Respect {rN+ Str+5 Dex-4
                  | Slay+3} for 500 gold pieces
 33408 | Snake:1  | Entered Level 1 of the Snake Pit
 33500 | Snake:1  | Found Wego's Neck Hole.
 34367 | Snake:2  | Noticed Mlioglotl
 34377 | Snake:2  | Killed Mlioglotl
 34649 | Snake:2  | Reached XP level 18. HP: 109/140 MP: 30/30
 35646 | Snake:3  | Reached skill level 15 in Fighting
 36154 | Snake:3  | Learned a level 7 spell: Ozocubu's Refrigeration
 36155 | Snake:4  | Entered Level 4 of the Snake Pit
 36505 | Snake:4  | Found Roericzu's General Store.
 36505 | Snake:4  | Found Havusool's Antique Weapon Shoppe.
 36875 | Snake:4  | Reached skill level 11 in Ice Magic
 37238 | Snake:4  | Noticed a quicksilver dragon
 37239 | Snake:4  | Noticed a quicksilver dragon
 37245 | Snake:4  | Killed a quicksilver dragon
 37249 | Snake:4  | Killed a quicksilver dragon
 37522 | Snake:4  | Got a serpentine rune of Zot
 37860 | Snake:4  | Learned a level 6 spell: Statue Form
 38044 | Shoals:1 | Entered Level 1 of the Shoals
 38132 | Shoals:1 | Identified the +3 mace "Nekhlawn" {vorpal, rCorr}
 38139 | Shoals:1 | Found a runed translucent door.
 38180 | Shoals:1 | Reached skill level 12 in Ice Magic
 38544 | Shoals:1 | Reached XP level 19. HP: 105/154 MP: 34/34
 40124 | Shoals:2 | Reached skill level 13 in Ice Magic
 40425 | Shoals:2 | Noticed Ilsuiw
 40438 | Shoals:2 | Killed Ilsuiw
 41365 | Shoals:3 | Noticed Mara
 41375 | Shoals:3 | Noticed Charly's illusion
 41383 | Shoals:3 | Identified Roxanne's Guide on Moulding
 41383 | Shoals:3 | Noticed Roxanne
 41393 | Shoals:3 | Learned a level 5 spell: Metabolic Englaciation
 41494 | Shoals:3 | Gained mutation: Your magical capacity is low. (-10% MP)
                  | [mutagenic glow]
 41504 | Shoals:3 | Reached skill level 14 in Ice Magic
 41876 | Shoals:3 | Noticed Nikola
 41978 | Shoals:3 | Killed Nikola
 42361 | Shoals:3 | Noticed Charly's illusion
 42369 | Shoals:3 | Gained mutation: You do not regenerate when monsters are
                  | visible. [mutagenic glow]
 42371 | Shoals:3 | Noticed Charly's illusion
 42371 | Shoals:3 | Killed Mara
 42374 | Shoals:3 | Gained mutation: Your magical capacity is very low. (-20%
                  | MP) [mutagenic glow]
 42741 | Shoals:3 | Killed Roxanne
 43023 | Shoals:3 | Lost mutation: You do not regenerate when monsters are
                  | visible. [potion of mutation]
 43023 | Shoals:3 | Lost mutation: Your magical capacity is very low. (-20% MP)
                  | [potion of mutation]
 43023 | Shoals:3 | Gained mutation: You sometimes lose the ability to read
                  | scrolls when taking damage. [potion of mutation]
 43023 | Shoals:3 | Gained mutation: Your flesh is cold resistant. (rC+)
                  | [potion of mutation]
 43023 | Shoals:3 | Gained mutation: You passively dampen the noise of your
                  | surroundings. [potion of mutation]
 43024 | Shoals:3 | Lost mutation: You passively dampen the noise of your
                  | surroundings. [potion of mutation]
 43024 | Shoals:3 | Lost mutation: Your magical capacity is low. (-10% MP)
                  | [potion of mutation]
 43024 | Shoals:3 | Gained mutation: You tend to lose your temper in combat.
                  | [potion of mutation]
 43024 | Shoals:3 | Gained mutation: You are agile. (Dex +2) [potion of
                  | mutation]
 43024 | Shoals:3 | Gained mutation: One of your tentacles bears a spike.
                  | [potion of mutation]
 43025 | Shoals:3 | Lost mutation: One of your tentacles bears a spike. [potion
                  | of mutation]
 43025 | Shoals:3 | Lost mutation: Your flesh is cold resistant. (rC+) [potion
                  | of mutation]
 43025 | Shoals:3 | Lost mutation: You are agile. (Dex +2) [potion of mutation]
 43025 | Shoals:3 | Gained mutation: Your spells are a little easier to cast,
                  | but a little less powerful. [potion of mutation]
 43025 | Shoals:3 | Gained mutation: You have hidden genetic defects. [potion
                  | of mutation]
 43025 | Shoals:3 | Gained mutation: You are agile. (Dex +2) [potion of
                  | mutation]
 43026 | Shoals:3 | Lost mutation: You sometimes lose the ability to read
                  | scrolls when taking damage. [potion of mutation]
 43026 | Shoals:3 | Lost mutation: You tend to lose your temper in combat.
                  | [potion of mutation]
 43026 | Shoals:3 | Gained mutation: Your system is resistant to poisons.
                  | (rPois) [potion of mutation]
 43026 | Shoals:3 | Gained mutation: You expend magic power (3 MP) to
                  | strengthen your wands. [potion of mutation]
 43026 | Shoals:3 | Lost mutation: You have hidden genetic defects. [potion of
                  | mutation]
 43026 | Shoals:3 | Gained mutation: You are strong-willed. (Will+) [potion of
                  | mutation]
 43027 | Shoals:3 | Lost mutation: You are agile. (Dex +2) [potion of mutation]
 43027 | Shoals:3 | Lost mutation: You expend magic power (3 MP) to strengthen
                  | your wands. [potion of mutation]
 43027 | Shoals:3 | Lost mutation: Your system is resistant to poisons. (rPois)
                  | [potion of mutation]
 43027 | Shoals:3 | Gained mutation: You possess an exceptional clarity of
                  | mind. [potion of mutation]
 43027 | Shoals:3 | Lost mutation: You are strong-willed. (Will+) [potion of
                  | mutation]
 43027 | Shoals:3 | Gained mutation: Your natural rate of healing is unusually
                  | fast. [potion of mutation]
 43028 | Shoals:3 | Lost mutation: Your spells are a little easier to cast, but
                  | a little less powerful. [potion of mutation]
 43028 | Shoals:3 | Lost mutation: You possess an exceptional clarity of mind.
                  | [potion of mutation]
 43028 | Shoals:3 | Gained mutation: You are dopey. (Int -2) [potion of
                  | mutation]
 43028 | Shoals:3 | Gained mutation: You are agile. (Dex +2) [potion of
                  | mutation]
 43028 | Shoals:3 | Gained mutation: You passively map a small area around you.
                  | [potion of mutation]
 43063 | Shoals:4 | Entered Level 4 of the Shoals
 43068 | Shoals:4 | Reached skill level 15 in Ice Magic
 43362 | Shoals:4 | Identified Putef's Collected Works on Orientation
 43550 | Shoals:4 | Got a barnacled rune of Zot
 43677 | Shoals:4 | Identified the +9 battleaxe of Hodos {vorpal, rPois rN+
                  | Str+2 Int+4}
 43811 | Shoals:4 | Reached XP level 20. HP: 163/163 MP: 37/37
 44115 | Shoals:4 | Found Lusaurch's Firing Range.
 44383 | Shoals:4 | Learned a level 4 spell: Summon Ice Beast
 44742 | D:1      | Bought a +6 ring of evasion for 936 gold pieces
 45053 | Snake:4  | Bought a scroll of fear for 45 gold pieces
 45053 | Snake:4  | Bought a scroll of fog for 26 gold pieces
 45053 | Snake:4  | Bought a potion of invisibility for 104 gold pieces
 45594 | Orc:2    | Bought a potion of curing for 42 gold pieces
 45594 | Orc:2    | Bought 2 potions of curing for 84 gold pieces
 45594 | Orc:2    | Bought a potion of curing for 42 gold pieces
 45688 | Vaults:1 | Entered Level 1 of the Vaults
 46183 | Vaults:1 | Found Ranent's Magic Scroll Shoppe.
 46838 | Vaults:1 | Found Xaimyl's Jewellery Shoppe.
 47517 | Elf:1    | Entered Level 1 of the Elven Halls
 47517 | Elf:1    | Identified the +3 plate armour of Inquiry {rC++ Str+2}
 47517 | Elf:1    | Found a runed translucent gate.
 47517 | Elf:1    | Found a runed translucent gate.
 47517 | Elf:1    | Found a runed translucent gate.
 47517 | Elf:1    | Found a runed translucent gate.
 47517 | Elf:1    | Found a runed translucent gate.
 47517 | Elf:1    | Found a runed translucent gate.
 47518 | Elf:1    | Found a runed translucent door.
 47523 | Elf:1    | Found a runed translucent door.
 47526 | Elf:1    | Reached skill level 16 in Ice Magic
 48064 | Elf:1    | Identified the +3 scale mail of Hysteria {Fly rF+++ Dex-4
                  | Stlth+}
 48413 | Elf:1    | Found Caseofat's General Store.
 48902 | Elf:2    | Found a runed translucent gate.
 48903 | Elf:2    | Found a runed translucent gate.
 48903 | Elf:2    | Found a runed translucent gate.
 49576 | Elf:2    | Noticed Jorgrun
 49584 | Elf:2    | Killed Jorgrun
 50027 | Elf:2    | Noticed Donald
 50040 | Elf:2    | Killed Donald
 50351 | Elf:3    | Entered Level 3 of the Elven Halls
 50581 | Elf:3    | Reached XP level 21. HP: 172/172 MP: 39/39
 50625 | Elf:3    | Identified the Incunabulum of Enthralling Confrontation
 50626 | Elf:3    | Identified the +7 spear "Molun" {vamp, rPois rF+ rN+ rCorr}
 50627 | Elf:3    | Identified Recaxedghy's Compendium of Cankerous Stones
 50631 | Elf:3    | Identified the +10 flail of the Apocalypse {speed, rF+}
 50647 | Elf:3    | Identified the +0 robe of Lightning Storm {rPois Dex-5
                  | Archmagi}
 50904 | Elf:3    | Identified the +2 short sword of Plunder {antimagic, rPois
                  | Stlth+}
 50910 | Elf:3    | Identified the Papyrus of Transformation and Companions
 51279 | Elf:3    | Found Toroph's Assorted Antiques.
 51279 | Elf:3    | Found Wothrecab's Jewellery Shoppe.
 51556 | Elf:3    | Paralysed by an air elemental for 1 turns
 51718 | Elf:3    | Learned a level 3 spell: Ignite Poison
 52490 | Vaults:2 | Found a runed translucent door.
 52492 | Vaults:2 | Noticed Aram's ghost (adept MyMo)
 52510 | Vaults:2 | Killed Aram's ghost
 52514 | Vaults:2 | Identified Sif Muna's Grimoire of the Mountains
 52595 | Vaults:2 | Reached ****** piety under Ashenzari
 52790 | Vaults:2 | Reached skill level 17 in Ice Magic
 53066 | Vaults:2 | Identified the cursed +0 hat "Eternal Embarrassment" {Cun,
                  | Melee} (You found it on level 2 of the Vaults)
 53755 | Vaults:2 | Found the +18 shield of the Gong {rElec rN+ Will+ EV-5}
 54015 | Vaults:2 | Reached skill level 1 in Shields
 54187 | Vaults:3 | Reached XP level 22. HP: 100/181 MP: 3/40
 54666 | Vaults:3 | Found a transporter.
 54671 | Vaults:3 | Found a transporter.
 54672 | Vaults:3 | Noticed an ancient lich
 54673 | Vaults:3 | Noticed Xulekkuc's ghost (adept DsHu)
 54830 | Vaults:3 | Found a staircase to the Crypt.
 54923 | Vaults:3 | Killed an ancient lich
 54924 | Vaults:3 | Reached skill level 5 in Shields
 55574 | Vaults:3 | Killed Xulekkuc's ghost
 55755 | Vaults:4 | Reached skill level 1 in Earth Magic
 56241 | Vaults:4 | Found Irchykh's General Store.
 56301 | Vaults:4 | Found Giemuymo's Distillery.
 56505 | Vaults:4 | Found Jerpherux's Assorted Antiques.
 56557 | Vaults:4 | Found Rus Xovo's Book Boutique.
 57084 | Elf:3    | Bought a +6 ring of intelligence for 702 gold pieces
 57395 | Vaults:4 | Bought a scroll of fog for 42 gold pieces
 57395 | Vaults:4 | Bought a potion of cancellation for 168 gold pieces
 57395 | Vaults:4 | Bought a potion of heal wounds for 105 gold pieces
 57395 | Vaults:4 | Bought a scroll of silence for 157 gold pieces
 57429 | Vaults:4 | Bought a potion of haste for 110 gold pieces
 57429 | Vaults:4 | Bought a potion of haste for 110 gold pieces
 57429 | Vaults:4 | Bought a potion of might for 44 gold pieces
 57651 | Orc:2    | Bought a potion of heal wounds for 70 gold pieces
 57978 | Depths:1 | Entered Level 1 of the Depths
 57978 | Depths:1 | Noticed a golden dragon
 58152 | D:15     | Reached XP level 23. HP: 92/188 MP: 25/41
 58282 | Depths:1 | Killed a golden dragon
 58368 | Depths:1 | Found a one-way gateway to a ziggurat.
 58372 | Depths:1 | Reached skill level 18 in Ice Magic
 58575 | Depths:1 | Found a gateway to Hell.
 59027 | Depths:1 | Found a glowing golden altar of the Shining One.
 59252 | Depths:2 | Reached skill level 5 in Earth Magic
 59307 | Depths:2 | Found a one-way gate leading to the halls of Pandemonium.
 60188 | Depths:2 | Reached skill level 15 in Dodging
 60463 | Depths:3 | Found a runed translucent door.
 60463 | Depths:3 | Noticed a golden dragon
 60464 | Depths:3 | Noticed a golden dragon
 60464 | Depths:3 | Noticed a caustic shrike
 60465 | Depths:3 | Noticed a juggernaut
 60465 | Depths:3 | Identified the +4 scimitar of Conscience {elec, Dex+7}
 60476 | Depths:3 | Killed a golden dragon
 60482 | Depths:3 | Killed a golden dragon
 60483 | Depths:3 | Reached XP level 24. HP: 198/198 MP: 40/42
 60485 | Depths:3 | Killed a caustic shrike
 60489 | Depths:3 | Killed a juggernaut
 60500 | Depths:3 | Noticed Frederick
 60512 | Depths:3 | Killed Frederick
 60616 | Depths:3 | Found a one-way gate to the infinite horrors of the Abyss.
 60646 | Depths:3 | Identified the +4 hand crossbow of Igoiri {vorpal, Fragile
                  | rF+ Str+6}
 61030 | Depths:3 | Reached skill level 10 in Earth Magic
 61034 | Depths:3 | Learned a level 3 spell: Lesser Beckoning
 61235 | Depths:4 | Entered Level 4 of the Depths
 61235 | Depths:4 | Found Inesin's Distillery.
 61241 | Depths:4 | Reached skill level 1 in Translocations
 61355 | Depths:4 | Found Udia's Antique Armour Shop.
 61381 | Depths:4 | Reached skill level 10 in Shields
 61402 | Depths:4 | Noticed Boris
 61408 | Depths:4 | Killed Boris
 61521 | Depths:4 | Found Tuscholl's Antique Weapon Emporium.
 61572 | Depths:4 | Found Faelim's Distillery.
 61580 | Depths:4 | Bought a potion of heal wounds for 70 gold pieces
 61580 | Depths:4 | Bought a potion of heal wounds for 70 gold pieces
 61580 | Depths:4 | Bought a potion of might for 56 gold pieces
 61580 | Depths:4 | Bought a potion of might for 56 gold pieces
 61580 | Depths:4 | Bought a potion of curing for 42 gold pieces
 61580 | Depths:4 | Bought a potion of berserk rage for 70 gold pieces
 61722 | Depths:4 | Found a gate to the Realm of Zot.
 61867 | Depths:4 | Found Zouteune's General Store.
 61875 | Depths:4 | Bought a scroll of summoning for 95 gold pieces
 62362 | Crypt:1  | Entered Level 1 of the Crypt
 63247 | Crypt:2  | Noticed Boris
 63256 | Crypt:2  | Reached XP level 25. HP: 205/205 MP: 41/42
 63259 | Crypt:2  | Killed Boris
 63333 | Crypt:2  | Identified the +0 pair of boots "Epsemioz" {rC+ Dex+3}
 63407 | Crypt:2  | Identified the +8 mace "Nuuxziru" {vorpal, rElec rC- Str+2}
 63527 | Crypt:2  | Acquired 672 gold pieces
 63668 | Crypt:3  | Entered Level 3 of the Crypt
 63923 | Crypt:3  | Found a staircase to the Tomb.
 63983 | Crypt:3  | Noticed Vv
 63995 | Crypt:3  | Killed Vv
 64183 | Crypt:3  | Identified the ring "Jythri" {rF+++ rC+ rN+ Will- Stlth+}
 64184 | Crypt:3  | Noticed Zenata
 64205 | Crypt:3  | Killed Zenata
 64213 | Crypt:3  | Identified the ring of Haerua {+Blink rN+ Dex+3 SInv}
 64273 | Crypt:3  | Found a basalt altar of Yredelemnul.
 64278 | Crypt:3  | Found an ancient bone altar of Kikubaaqudgha.
 64278 | Crypt:3  | Identified the ring of Reweh {rN+ Stlth+}
 64279 | Crypt:3  | Identified the +7 battleaxe of the Gloaming {holy, rPois}
 64280 | Crypt:3  | Found the +8 storm bow {elec, penet}
 64361 | Crypt:3  | Found a runed translucent gate.
 64362 | Crypt:3  | Found a runed translucent gate.
 64362 | Crypt:3  | Found a runed translucent gate.
 64363 | Crypt:3  | Noticed Aptu's ghost (adept GrFi)
 64386 | Crypt:3  | Killed Aptu's ghost
 64961 | Orc:2    | Bought a potion of might for 56 gold pieces
 64961 | Orc:2    | Bought a potion of haste for 140 gold pieces
 64961 | Orc:2    | Bought a potion of might for 56 gold pieces
 65076 | Vaults:1 | Bought a scroll of blinking for 75 gold pieces
 65076 | Vaults:1 | Bought a scroll of teleportation for 30 gold pieces
 65076 | Vaults:1 | Bought 3 scrolls of magic mapping for 105 gold pieces
 65210 | Vaults:4 | Bought a scroll of magic mapping for 38 gold pieces
 65237 | Vaults:4 | Bought a potion of curing for 60 gold pieces
 65237 | Vaults:4 | Bought a potion of might for 80 gold pieces
 65237 | Vaults:4 | Bought a potion of heal wounds for 100 gold pieces
 65237 | Vaults:4 | Bought a potion of curing for 60 gold pieces
 65237 | Vaults:4 | Bought 2 potions of heal wounds for 200 gold pieces
 65237 | Vaults:4 | Bought a potion of brilliance for 80 gold pieces
 65237 | Vaults:4 | Bought a potion of cancellation for 160 gold pieces
 65528 | Depths:4 | Bought a potion of haste for 180 gold pieces
 65804 | Slime:1  | Entered Level 1 of the Pits of Slime
 65882 | Slime:5  | Entered Level 5 of the Pits of Slime
 65911 | Slime:5  | Reached skill level 15 in Shields
 65954 | Slime:5  | Noticed the Royal Jelly
 66201 | Slime:5  | Killed the Royal Jelly
 66202 | Slime:5  | Reached XP level 26. HP: 209/209 MP: 39/41
 66226 | Slime:5  | Identified the +7 scale mail of Qaluuh {Fly rElec Dex-2}
 66227 | Slime:5  | Found the +4 Cigotuvi's embrace {rMiasma Drain rN+}
 66245 | Slime:5  | Identified the +7 hand axe "Ekkutoq" {drain, rN+ Str+8
                  | Int-5}
 66271 | Slime:5  | Got a slimy rune of Zot
 66276 | Slime:5  | Identified the +1 leather armour of Loss {+Blink rElec rF-}
 66689 | Elf:3    | Bought a potion of haste for 340 gold pieces
 66689 | Elf:3    | Bought a potion of curing for 102 gold pieces
 66982 | Vaults:5 | Entered Level 5 of the Vaults
 67158 | Vaults:5 | Noticed Xtahua
 67324 | Vaults:5 | Killed Xtahua
 67433 | Vaults:5 | Paralysed by a sphinx for 7 turns
 67724 | Vaults:5 | Identified the +1 robe of Amorality {rF- rN+++ Regen+
                  | Str+2}
 67777 | Vaults:5 | Identified the +3 falchion of the Moon {antimagic, rC+
                  | Will+ Dex+3}
 67778 | Vaults:5 | Identified the Grimoire of Doomed Clay
 67811 | Vaults:5 | Identified Wufoquac's Disquisition on Black Secrets
 67878 | Vaults:5 | Identified Sif Muna's Volume of Changing
 67925 | Vaults:5 | Got a silver rune of Zot
 68570 | Zot:1    | Entered Level 1 of the Realm of Zot
 68640 | Zot:1    | Reached XP level 27. HP: 209/219 MP: 42/42
 68979 | Zot:1    | Found a large runed translucent door.
 68979 | Zot:1    | Found a large runed translucent door.
 69080 | Zot:1    | Noticed Boamp's ghost (legendary OpVM)
 69397 | Zot:1    | Killed Boamp's ghost
 70107 | Zot:3    | Noticed an orb of fire
 70117 | Zot:3    | Killed an orb of fire
 70281 | Zot:3    | Reached skill level 19 in Ice Magic
 70793 | Zot:5    | Entered Level 5 of the Realm of Zot
 71054 | Zot:4    | Reached skill level 20 in Ice Magic
 72640 | Vaults:4 | Bought a book of Ice for 828 gold pieces
 72655 | Vaults:4 | Learned a level 9 spell: Polar Vortex
 73097 | Zot:5    | Identified the +2 robe of the Worm {rElec rC+}
 73300 | Zot:5    | Reached skill level 10 in Spellcasting
 73311 | Zot:5    | Noticed an ancient lich
 73312 | Zot:5    | Noticed a dread lich
 73317 | Zot:5    | Killed a dread lich
 73321 | Zot:5    | Noticed an orb of fire
 73322 | Zot:5    | Killed an ancient lich
 73323 | Zot:5    | Reached skill level 21 in Ice Magic
 73325 | Zot:5    | Noticed an orb of fire
 73333 | Zot:5    | Noticed an orb of fire
 73337 | Zot:5    | Gained mutation: You tend to lose your temper in combat.
                  | [an orb of fire]
 73341 | Zot:5    | Killed an orb of fire
 73346 | Zot:5    | Noticed a dread lich
 73346 | Zot:5    | Killed an orb of fire
 73350 | Zot:5    | Lost mutation: You are agile. (Dex +2) [an orb of fire]
 73351 | Zot:5    | Gained mutation: You are clumsy. (Dex -2) [an orb of fire]
 73352 | Zot:5    | Killed an orb of fire
 73353 | Zot:5    | Noticed a dread lich
 73353 | Zot:5    | Noticed a dread lich
 73355 | Zot:5    | Killed a dread lich
 73358 | Zot:5    | Noticed an ancient lich
 73364 | Zot:5    | Noticed a dread lich
 73372 | Zot:5    | Killed a dread lich
 73374 | Zot:5    | Reached skill level 22 in Ice Magic
 73377 | Zot:5    | Killed a dread lich
 73377 | Zot:5    | Killed an ancient lich
 73393 | Zot:5    | Reached skill level 23 in Ice Magic
 73396 | Zot:5    | Killed a dread lich
 73589 | Zot:5    | Lost mutation: You tend to lose your temper in combat.
                  | [potion of mutation]
 73589 | Zot:5    | Lost mutation: You are dopey. (Int -2) [potion of mutation]
 73589 | Zot:5    | Lost mutation: You are clumsy. (Dex -2) [potion of
                  | mutation]
 73589 | Zot:5    | Gained mutation: Your spells are a little easier to cast,
                  | but a little less powerful. [potion of mutation]
 73589 | Zot:5    | Lost mutation: Your natural rate of healing is unusually
                  | fast. [potion of mutation]
 73589 | Zot:5    | Gained mutation: Your system is resistant to poisons.
                  | (rPois) [potion of mutation]
 73590 | Zot:5    | Lost mutation: Your spells are a little easier to cast, but
                  | a little less powerful. [potion of mutation]
 73590 | Zot:5    | Lost mutation: You passively map a small area around you.
                  | [potion of mutation]
 73590 | Zot:5    | Gained mutation: You expend magic power (3 MP) to
                  | strengthen your wands. [potion of mutation]
 73590 | Zot:5    | Gained mutation: You are agile. (Dex +2) [potion of
                  | mutation]
 73590 | Zot:5    | Gained mutation: You are robust. (+10% HP) [potion of
                  | mutation]
 74408 | Shoals:4 | Bought 2 throwing nets for 126 gold pieces
 74408 | Shoals:4 | Bought a throwing net for 63 gold pieces
 74701 | Elf:1    | Bought a potion of berserk rage for 85 gold pieces
 74701 | Elf:1    | Bought a wand of iceblast (6) for 170 gold pieces
 74804 | Orc:1    | Bought a wand of iceblast (4) for 104 gold pieces
 74804 | Orc:1    | Bought a wand of iceblast (3) for 91 gold pieces
 75003 | Depths:4 | Bought 2 potions of invisibility for 288 gold pieces
 75003 | Depths:4 | Bought a potion of invisibility for 144 gold pieces
 75072 | Zig:1    | Entered Level 1 of a ziggurat
 75088 | Zig:2    | Entered Level 2 of a ziggurat
 75114 | Zig:3    | Entered Level 3 of a ziggurat
 75114 | Zig:3    | Identified the +3 rapier "Nalef" {vamp, Int+4 Dex+6}
 75146 | Zig:4    | Entered Level 4 of a ziggurat
 75147 | Zig:4    | Identified the ring "Yfyaz" {rPois rF+ Dex+6}
 75179 | Zig:5    | Entered Level 5 of a ziggurat
 75287 | Zig:6    | Entered Level 6 of a ziggurat
 75290 | Zig:6    | Noticed a juggernaut
 75291 | Zig:6    | Noticed a juggernaut
 75296 | Zig:6    | Killed a juggernaut
 75297 | Zig:6    | Killed a juggernaut
 75298 | Zig:6    | Reached skill level 24 in Ice Magic
 75314 | Zig:7    | Entered Level 7 of a ziggurat
 75319 | Zig:7    | Identified the +4 great sword "Byvar" {vorpal, rN+ Str+4
                  | Dex+3}
 75358 | Zig:7    | Learned a level 8 spell: Necromutation
 75367 | Zig:7    | Learned a level 8 spell: Borgnjor's Revivification
 75368 | Zig:8    | Entered Level 8 of a ziggurat
 75373 | Zig:8    | Identified the +11 falchion of Springtime {drain, rPois
                  | rCorr Str+6 Int+2}
 75374 | Zig:8    | Identified Nudethru's Tome of the Traveller and Changing
 75383 | Zig:8    | Reached skill level 1 in Necromancy
 75752 | Zig:9    | Entered Level 9 of a ziggurat
 75759 | Zig:9    | Noticed a royal mummy
 75762 | Zig:9    | Identified the +5 trident "Orb Guardian's Foe" {pain,
                  | *Noise +Blink Int+6}
 75767 | Zig:9    | Killed a royal mummy
 76053 | Zig:10   | Entered Level 10 of a ziggurat
 76062 | Zig:10   | Identified the +7 halberd of Umidufuu {drain, rC+ Dex+5}
 76063 | Zig:10   | Identified the +2 ring mail "Xaeracet" {+Inv rC+}
 76064 | Zig:10   | Noticed a royal mummy
 76066 | Zig:10   | Noticed a royal mummy
 76071 | Zig:10   | Killed a royal mummy
 76074 | Zig:10   | Killed a royal mummy
 76104 | Zig:10   | Learned a level 1 spell: Apportation
 76250 | Zig:11   | Entered Level 11 of a ziggurat
 76262 | Zig:11   | Identified the +0 leather armour "Zuwetagg" {rElec rCorr
                  | SInv}
 76267 | Zig:11   | Reached skill level 5 in Necromancy
 76328 | Zig:12   | Entered Level 12 of a ziggurat
 76335 | Zig:12   | Noticed a royal mummy
 76335 | Zig:12   | Noticed a royal mummy
 76336 | Zig:12   | Noticed a royal mummy
 76337 | Zig:12   | Noticed a royal mummy
 76339 | Zig:12   | Noticed a royal mummy
 76353 | Zig:12   | Killed a royal mummy
 76355 | Zig:12   | Killed a royal mummy
 76356 | Zig:12   | Reached skill level 25 in Ice Magic
 76359 | Zig:12   | Killed a royal mummy
 76365 | Zig:12   | Killed a royal mummy
 76366 | Zig:12   | Killed a royal mummy
 76784 | Zig:12   | Identified the +7 long sword "Qoczehupn" {flame, *Corrode
                  | rPois rN++ Str+4}
 76785 | Zig:12   | Identified the +1 leather armour of Gestures {rC+ rN+}
 76785 | Zig:12   | Identified the +4 shortbow "Muoxora" {freeze, rC+ rCorr
                  | Str+4}
 76786 | Zig:12   | Identified the +10 glaive of Destiny {venom, Str+3}
 76803 | Zig:12   | Reached skill level 10 in Necromancy
 76805 | Zig:13   | Entered Level 13 of a ziggurat
 76822 | Zig:13   | Identified the +1 scale mail "Tomeeqar" {Rampage rF- Int+5}
 76959 | Zig:14   | Entered Level 14 of a ziggurat
 77060 | Zig:14   | Identified the ring "Qena" {rElec rCorr}
 77062 | Zig:14   | Identified the Papyrus of Stones
 77142 | Zig:15   | Entered Level 15 of a ziggurat
 77157 | Zig:15   | Found the +9 heavy crossbow "Sniper" {vorpal, Acc+∞ SInv}
 77158 | Zig:15   | Identified the +8 halberd "Xakkial" {spect, +Blink Dex+5
                  | Stlth-}
 77176 | Zig:15   | Found the +10 tower shield of Ignorance {rN+ Int-4}
 77177 | Zig:15   | Identified the Catalogue of the Snowflakes
 77409 | Zig:16   | Entered Level 16 of a ziggurat
 77423 | Zig:16   | Noticed Ivuing the pandemonium lord
 77424 | Zig:16   | Noticed Oten the pandemonium lord
 77436 | Zig:16   | Killed Ivuing the pandemonium lord
 77451 | Zig:16   | Killed Oten the pandemonium lord
 77463 | Zig:16   | Noticed Nuros the pandemonium lord
 77467 | Zig:16   | Identified the +9 dagger of Teemab {elec, rPois rN++ Dex-3
                  | SInv}
 77467 | Zig:16   | Identified the +1 scale mail of Hawetocae {rPois Stlth+}
 77471 | Zig:16   | Killed Nuros the pandemonium lord
 77471 | Zig:16   | Gained mutation: You are weak. (Str -2) [a shining eye]
 77472 | Zig:16   | Identified the +8 triple sword "Arbiter" {vorpal, Will+
                  | Int+5}
 77475 | Zig:16   | Identified the amulet "Azo Inki" {RegenMP rElec Str+2
                  | Int-4}
 77594 | Zig:17   | Entered Level 17 of a ziggurat
 77595 | Zig:17   | Noticed a dread lich
 77645 | Zig:17   | Killed a dread lich
 77709 | Zig:17   | Identified the +4 hand axe of Distraction {holy, Str+4}
 77729 | Zig:17   | Acquired 940 gold pieces
 77735 | Zig:17   | Reached skill level 15 in Necromancy
 77938 | Zig:18   | Entered Level 18 of a ziggurat
 78008 | Zig:18   | Identified the +2 scale mail "Sueryi" {rElec Regen+ Int+5}
 78009 | Zig:18   | Identified The Arcane Secrets of Wizardry
 78010 | Zig:18   | Identified the +4 ring mail of Racar {rElec rN+ Int+4}
 78011 | Zig:18   | Identified the +2 quarterstaff of the People {holy, rC++
                  | rN+ Str-5 Int+3}
 78030 | Zig:18   | Learned a level 9 spell: Death's Door
 78131 | Zig:19   | Entered Level 19 of a ziggurat
 78162 | Zig:19   | Noticed a dread lich
 78163 | Zig:19   | Noticed a dread lich
 78175 | Zig:19   | Killed a dread lich
 78176 | Zig:19   | Killed a dread lich
 78183 | Zig:19   | Identified the Guide on Frigorific Stolen Souls
 78184 | Zig:19   | Identified the amulet "Ystral" {rC+ Regen+ SInv}
 78184 | Zig:19   | Found the +6 lightning scales {swift, rElec}
 78185 | Zig:19   | Identified the ring "Punotene" {Ice +Blink Str+4}
 78215 | Zig:20   | Entered Level 20 of a ziggurat
 78278 | Zig:20   | Identified the +6 mace "Dragonslayer" {drain, SInv}
 78278 | Zig:20   | Identified the +7 chain mail of the Imp {+Blink}
 78279 | Zig:20   | Identified Sif Muna's Reference Book on the Unstable
                  | Mountains
 78415 | Zig:21   | Entered Level 21 of a ziggurat
 78448 | Zig:21   | Reached skill level 15 in Spellcasting
 78464 | Zig:21   | Identified the +2 pair of gloves "Vera" {Dex+4}
 78478 | Zig:21   | Found the dreamshard necklace {*Dream Drain}
 78479 | Zig:21   | Identified the Tome of Blistering Transmigration
 78479 | Zig:21   | Identified the +8 fustibalus of Kil Kemoa {venom, rF+ rC+
                  | Str+5}
 78480 | Zig:21   | Identified the +7 spear of the Oracle {antimagic, rF+ rN+
                  | rCorr Int-4}
 78480 | Zig:21   | Found the +7 lajatang of Order {silver, rMut}
 78528 | Zig:21   | Learned a level 9 spell: Shatter
 78536 | Zig:21   | Learned a level 2 spell: Blink
 78540 | Zig:22   | Entered Level 22 of a ziggurat
 78630 | Zig:22   | Paralysed by accursed screaming for 1 turns
 78882 | Zig:22   | Identified the +1 glaive of Uskayaw's Delight {vorpal,
                  | Str+5}
 78883 | Zig:22   | Identified the ring "Houmocwu" {rElec rPois rC+ Stlth+}
 78884 | Zig:22   | Identified the +7 dagger "Betan Oza" {elec, rCorr SInv}
 78923 | Zig:22   | Found the +9 sword of Zonguldrok {reap}
 78923 | Zig:22   | Identified the +8 fustibalus "Movah" {vorpal, rF+ Str+2}
 78924 | Zig:22   | Identified the +2 chain mail of a treasure trove {rElec rN+
                  | Str+3}
 78924 | Zig:22   | Identified the +12 falchion "Agasaotido" {speed, Will+
                  | Str+3}
 78951 | Zig:22   | Acquired 353 gold pieces
 78970 | Zig:23   | Entered Level 23 of a ziggurat
 79029 | Zig:23   | Paralysed by a wendigo for 1 turns
 79449 | Zig:23   | Identified the Compendium of Unholy Translocation
 79469 | Zig:23   | Reached skill level 15 in Earth Magic
 79487 | Zig:24   | Entered Level 24 of a ziggurat
 80037 | Zig:24   | Identified the +7 scimitar of Linearity {vorpal, rElec
                  | Dex+2 Stlth-}
 80038 | Zig:24   | Identified the ring "Sicar" {rF+ Str+2}
 80040 | Zig:24   | Identified the ring "Toezeoge" {rPois rF+}
 80093 | Zig:24   | Identified the +7 long sword "Fisutrul" {flame, rC+ Str+3
                  | Dex+5}
 80168 | Zig:25   | Entered Level 25 of a ziggurat
 80201 | Zig:25   | Noticed a dread lich
 80204 | Zig:25   | Noticed an ancient lich
 80213 | Zig:25   | Killed an ancient lich
 80215 | Zig:25   | Killed a dread lich
 80221 | Zig:25   | Noticed a dread lich
 80223 | Zig:25   | Noticed an ancient lich
 80230 | Zig:25   | Killed an ancient lich
 80234 | Zig:25   | Killed a dread lich
 80236 | Zig:25   | Noticed an ancient lich
 80241 | Zig:25   | Noticed an ancient lich
 80241 | Zig:25   | Noticed a dread lich
 80242 | Zig:25   | Noticed a dread lich
 80243 | Zig:25   | Killed an ancient lich
 80248 | Zig:25   | Killed a dread lich
 80251 | Zig:25   | Killed a dread lich
 80252 | Zig:25   | Killed an ancient lich
 80285 | Zig:25   | Identified the +8 shortbow of Amortisation {venom, Str+3}
 80285 | Zig:25   | Identified the +5 glaive of Zotucikh {protect, rC+ Str+5}
 80288 | Zig:25   | Identified the +7 war axe of Valiance {freeze, Will+}
 80388 | Zig:26   | Entered Level 26 of a ziggurat
 80425 | Zig:26   | Noticed a juggernaut
 80425 | Zig:26   | a Killer Klown changed into a juggernaut
 80428 | Zig:26   | Killed a juggernaut
 80432 | Zig:26   | Noticed a juggernaut
 80432 | Zig:26   | a Killer Klown changed into a juggernaut
 80434 | Zig:26   | Killed a juggernaut
 80449 | Zig:26   | Noticed Madajum the pandemonium lord
 80450 | Zig:26   | Noticed Huskacum the pandemonium lord
 80457 | Zig:26   | Killed Huskacum the pandemonium lord
 80461 | Zig:26   | Noticed Zumnemeh the pandemonium lord
 80466 | Zig:26   | Killed Madajum the pandemonium lord
 80468 | Zig:26   | Noticed Veoptat the pandemonium lord
 80471 | Zig:26   | Killed Zumnemeh the pandemonium lord
 80472 | Zig:26   | Noticed Buwn the pandemonium lord
 80474 | Zig:26   | Noticed Huufuur the pandemonium lord
 80476 | Zig:26   | Killed Veoptat the pandemonium lord
 80477 | Zig:26   | Noticed Attinuc the pandemonium lord
 80480 | Zig:26   | Killed Buwn the pandemonium lord
 80481 | Zig:26   | Noticed Hyeloshe the pandemonium lord
 80482 | Zig:26   | Killed Huufuur the pandemonium lord
 80485 | Zig:26   | Noticed Vudo the pandemonium lord
 80486 | Zig:26   | Noticed Tukh the pandemonium lord
 80488 | Zig:26   | Killed Attinuc the pandemonium lord
 80489 | Zig:26   | Noticed Kauck the pandemonium lord
 80492 | Zig:26   | Noticed Kaant the pandemonium lord
 80495 | Zig:26   | Killed Hyeloshe the pandemonium lord
 80496 | Zig:26   | Killed Kauck the pandemonium lord
 80498 | Zig:26   | Killed Tukh the pandemonium lord
 80499 | Zig:26   | Noticed Ygoa the pandemonium lord
 80501 | Zig:26   | Killed Vudo the pandemonium lord
 80504 | Zig:26   | Killed Kaant the pandemonium lord
 80509 | Zig:26   | Killed Ygoa the pandemonium lord
 80678 | Zig:26   | Identified the +6 great sword "Risoil" {venom, rCorr}
 80679 | Zig:26   | Identified the ring of Odeunn {Str+3 Int+3 Dex+6}
 80680 | Zig:26   | Identified the ring of Zajail {rF+ rC+ Dex+3 Slay-5}
 80680 | Zig:26   | Identified the +1 scale mail "Tifuuv" {Dex+4}
 80682 | Zig:26   | Identified the +3 battleaxe "Kixkoi" {vamp, rC+}
 80683 | Zig:26   | Identified the ring of Makhleb's Benevolence {rF+ Int+2}
 80684 | Zig:26   | Identified Sif Muna's Papyrus of Toxins and Air
 80737 | Zig:27   | Entered Level 27 of a ziggurat
 81014 | Zig:27   | Identified the ring "Raderph" {Str+4 Slay+4}
 81015 | Zig:27   | Identified the Tome of Igneous Changing
 81015 | Zig:27   | Identified Ovik Sukynt's Collected Works on Battle Magic
 81017 | Zig:27   | Identified the +5 morningstar of Foul Odours {vorpal, rPois
                  | Dex+6 SInv}
 81018 | Zig:27   | Identified the +3 leather armour "Jeucyt" {rN+ Dex+3}
 81018 | Zig:27   | Identified the +1 chain mail of the Lair of Beasts {rN+}
 81393 | Tomb:1   | Entered Level 1 of the Tomb of the Ancients
 81403 | Tomb:1   | Reached skill level 15 in Evocations
 81408 | Tomb:1   | Noticed a royal mummy
 81413 | Tomb:1   | Killed a royal mummy
 81414 | Tomb:1   | Noticed a royal mummy
 81423 | Tomb:1   | Killed a royal mummy
 81423 | Tomb:1   | Noticed a royal mummy
 81426 | Tomb:1   | Noticed a royal mummy
 81427 | Tomb:1   | Noticed a royal mummy
 81429 | Tomb:1   | Killed a royal mummy
 81434 | Tomb:1   | Killed a royal mummy
 81435 | Tomb:1   | Killed a royal mummy
 81437 | Tomb:1   | Noticed a royal mummy
 81815 | Tomb:1   | Killed a royal mummy
 81818 | Tomb:1   | Noticed a royal mummy
 81956 | Tomb:1   | Noticed a royal mummy
 81958 | Tomb:1   | Killed a royal mummy
 81959 | Tomb:1   | Killed a royal mummy
 81959 | Tomb:1   | Noticed a royal mummy
 82203 | Tomb:1   | Killed a royal mummy
 82208 | Tomb:1   | Noticed a royal mummy
 82366 | Tomb:1   | Noticed a royal mummy
 82374 | Tomb:1   | Killed a royal mummy
 82397 | Tomb:1   | Killed a royal mummy
 82715 | Tomb:1   | Noticed a royal mummy
 83661 | Zot:5    | Got the Orb of Zot
 83992 | D:13     | Noticed Vetteschi the pandemonium lord
 84007 | D:13     | Killed Vetteschi the pandemonium lord
 84240 | D:$      | Escaped with the Orb!

Illustrated notes

Levels and vault maps discovered:
D:1:      shiori_arrival_oz, layout_rooms, shapermc_ecumenical_altar_hornbeckon,
          nicolae_shop_unique_rings
D:2:      layout_basic, basic_altar, minivault_19, uniq_sigmund
D:3:      layout_loops_ring, nicolae_wu_jian_immortal_techniques,
          minmay_misc_feat_tiny, minmay_fractal_squares_gapless_5
D:4:      layout_basic, zin_academy, minmay_temple_entry_purple_smoke,
          uniq_natasha, uniq_pikel
D:5:      layout_loops_cross, lemuel_zombie_altar_kikubaaqudgha, uniq_grinder
D:6:      layout_rooms, mainiacjoe_overflow_alcove_1,
          nicolae_gozag_seed_capital, hangedman_decor_opposing
D:7:      layout_rooms, slow_altar_2, kennysheep_little_box, uniq_duvessa
D:8:      layout_basic, grunt_temple_overflow_open, enter_ossuary_1,
          corexii_hall_statues_l, minivault_21, corexii_corridor_pit,
          corexii_leaking_fountain
D:9:      layout_long_grid, grunt_lair_entry_orc_guard_hut
D:10:     minmay_weird_star, layout_basic, zombieorc2_lemuel,
          gammafunk_ghost_nasty_kobolds
D:11:     minmay_wavy_crystal, layout_loops_ring
D:12:     minmay_the_grid_3x2 [minmay_the_grid_outer_circle,
          minmay_the_grid_eight, minmay_the_grid_holed_spiral,
          minmay_the_grid_garden, minmay_the_grid_box_x,
          minmay_the_grid_prize_big_room], layout_cave_pools
D:13:     layout_loops_cross, hangedman_vaults_entry_quadrant_bands,
          nemelex_xobeh_ov_fountains_minmay
D:14:     minmay_ornate_pinched, layout_basic,
          portal_ice_cave_entry_frozen_things, minmay_misc_feat_four_crosses,
          worms_lemuel
D:15:     grunt_enter_depths_magical_seal, layout_cave_pools
Temple:   dpeg_chambers_temple
Lair:1:   layout_long_grid
Lair:2:   layout_regular_city, minmay_snake_entry_guardpost_small,
          lemuel_fruit_fields
Lair:3:   kb_forest_paths, layout_cave_pods, serial_bayou_ford_a, uniq_amaemon
Lair:4:   layout_cave_shapes, minmay_shoals_entry_hut,
          gammafunk_ghost_berserking_beasts, grunt_forest_stairs_basic,
          serial_bayou_shore_a, lemuel_fruit_tree
Lair:5:   layout_layer_cave, dpeg_slime_entry_corner, gauntlet_entry_generic,
          dreamdust_gnoll_shepherd, grunt_megastairs_3
Lair:6:   minmay_lair_end_enchanted_forest, layout_small_grid, basic_altar
Shoals:1: nicolae_shoals_lighthouse, layout_shoals, shoals_oasis
Shoals:2: layout_shoals, nicolae_shoals_shepherds, uniq_ilsuiw
Shoals:3: layout_shoals, uniq_mara, uniq_nikola, uniq_roxanne
Shoals:4: shoals_end_grunt_garden, layout_shoals, nicolae_shop_firing_range
Snake:1:  layout_chambers, nicolae_shop_sticking_my_neck_out,
          serial_bayou_shore_b
Snake:2:  layout_onion_interference, uniq_mlioglotl
Snake:3:  layout_misc_corridors
Snake:4:  hellmonk_snake_rune_quicksilver_temple, layout_rooms, minmay_shoptagon
Slime:1:  layout_caves
Slime:2:  layout_caves
Slime:3:  layout_caves
Slime:4:  layout_caves
Slime:5
Orc:1:    emtedronai_trogs_sanctum, layout_diamond_mine, nicolae_shop_gadgets
Orc:2:    pubby_orc_utopia, uniq_azrael, uniq_urug, uniq_saint_roka
Elf:1:    nicolae_elf_arrival_dilemma, layout_loops_corners, serial_shops,
          nicolae_shop_statue_plus, hangedman_elf_disciples
Elf:2:    nicolae_elf_blades_crystal_corner, layout_geoelf_grid, hex_tiny,
          uniq_donald, uniq_jorgrun
Elf:3:    minmay_elf_hall_spiked, layout_geoelf_grid, serial_shops, shop_coins,
          shop
Vaults:1: v_pattern_2, vaults_room_fours, nicolae_vaults_specimen_jars,
          nicolae_vaults_mini_display_case, vaults_room_mumra_shop_pool,
          nicolae_vaults_little_squares_1, layout_vaults_omnigrid, serial_shops,
          nicolae_shop_behind_doors
Vaults:2: hellmonk_ghost_big_iron, v_misc_12, nicolae_vaults_little_ls,
          hangedman_vaults_cutoff, hangedman_vaults_restitches,
          nicolae_vaults_windows_and_doors_thing, vaults_mumra_hex, v_pattern_1,
          nicolae_vaults_asterisk, hellmonk_guarded_unrand_gong,
          layout_vaults_omnibox
Vaults:3: gammafunk_ghost_mausoleum, minmay_crypt_entry_simple_box,
          nicolae_vaults_halls_meeting, nicolae_vaults_puzzle_piece, v_rooms_3,
          nicolae_vaults_triangles, v_misc_29, ontoclasm_vaults_twist,
          ontoclasm_vaults_claustrophobia, v_misc_33,
          ontoclasm_vaults_decontamination, ontoclasm_vaults_fault,
          grunt_vaults_hallway_short, vaults_dpeg_ring, layout_vaults_ring
Vaults:4: vaults_mumra_chevron, v_rooms_6, ontoclasm_vaults_loading_screen,
          v_misc_16, vaults_room_octagon, special_room_vaults
          [special_room_orc], nicolae_vaults_theta,
          nicolae_vaults_little_squares_4, vaults_room_pools,
          ontoclasm_vaults_eye, layout_vaults_omnicross, serial_shops,
          nicolae_shop_waterfront, nicolae_lakefront_shop, shop_fountains,
          nicolae_shop_overgrown_old_shop
Vaults:5: uniq_xtahua
Crypt:1:  layout_misc_corridors, grunt_megastairs_2
Crypt:2:  layout_rooms, palyth_stone_intersect
Crypt:3:  lightli_unholy_cathedral, layout_chaotic_city,
          tomb_entry_pyramid_bobbens, ebering_ghost_rock_garden, uniq_zenata,
          uniq_vv
Tomb:1
Depths:1: layout_gridlike, enter_ziggurat_f, hellmouth_3, tso_altar,
          evilmike_ambush [evilmike_ambush_outer_basic,
          evilmike_ambush_inner_pond], serial_bayou_shore_b,
          infiniplex_staircase_pool_lava
Depths:2: kennysheep_large_spiral, layout_gridville, rand_demon_pan_entry_4,
          dk_noncrumbling_3, hell_entry, grunt_megastairs_4,
          minmay_staircase_statues_hall_small
Depths:3: minmay_gate_of_8, layout_gridlike, corexii_hall_statues_i,
          abyss_entry, pf_hell_entry_great_geh, minmay_staircase_bubble,
          uniq_frederick
Depths:4: grunt_x_marks_the_spot, layout_long_grid, serial_bayou,
          serial_bayou_lagoon_a, serial_bayou_lake_a, serial_bayou_pond_d,
          serial_bayou_pond_b, serial_shops, nicolae_shop_trees,
          nicolae_shop_statue_plus, shop_fountains, nicolae_shop_behind_doors,
          shop, hell_entry, uniq_boris
Zot:1:    layout_twisted_circle, ebering_ghost_disaster_area, st_stairs_11,
          grunt_ministairs_6
Zot:2:    layout_concentric_octagons, nicolae_rock_paper_scissors
Zot:3:    layout_gridville
Zot:4:    layout_onion_interference, zot_minivault_7, lemuel_elevator
Zot:5:    layout_misc_corridors

Skill      XL: |  1  2  3  4  5  6  7  8  9 10 11 12 13 14 15 16 17 18 19 20 21 22 23 24 25 26 27 |
---------------+----------------------------------------------------------------------------------+-----
Fighting       | 1 2 3 5 7 9 10 11 12 14 16 17 18 19 21 | 21.0
Stealth        | 3 4 5 |  5.0
Ice Magic      | 5 7 8 9 10 12 15 16 17 18 25 | 25.5
Spellcasting   | 3 5 7 8 9 18 | 18.8
Evocations     | 1 4 5 6 7 8 10 12 18 | 18.7
Transmutations | 2 5 9 10 11 12 | 12.5
Unarmed Combat | 3 6 7 11 13 15 16 17 19 20 21 22 | 22.9
Conjurations   | 1 2 4 5 7 9 |  9.6
Dodging        | 5 7 9 10 11 12 13 15 17 19 | 19.8
Hexes          | 1 3 |  3.0
Shields        | 2 7 9 11 15 18 | 18.8
Earth Magic    | 2 7 10 23 | 23.0
Translocations | 3 |  3.0
Necromancy     | 23 | 23.0

Action                   |  1- 3 |  4- 6 |  7- 9 | 10-12 | 13-15 | 16-18 | 19-21 | 22-24 | 25-27 || total
-------------------------+-------+-------+-------+-------+-------+-------+-------+-------+-------++-------
Melee: Unarmed           |     3 |       |   119 |   293 |   774 |   994 |   442 |   961 |  1659 ||  5245
       Constrict         |     1 |     1 |     8 |    14 |       |     2 |    11 |   149 |   275 ||   461
       Tentacles         |     1 |       |    10 |    11 |       |    11 |     9 |   273 |   496 ||   811
       Hand axe          |       |     3 |    33 |    20 |     2 |    27 |     9 |       |       ||    94
       Punch             |       |       |       |     2 |       |     6 |    10 |   202 |   433 ||   653
       Staff             |       |       |       |       |       |       |    32 |     2 |       ||    34
Throw: Throwing net      |       |       |       |       |       |       |       |       |     2 ||     2
 Cast: Freeze            |    57 |    23 |    43 |       |       |       |       |       |       ||   123
       Frozen Ramparts   |       |     1 |    26 |    17 |     7 |     1 |       |       |       ||    52
       Ozocubu's Armour  |       |       |    12 |    27 |    49 |    32 |    12 |     5 |       ||   137
       Ice Form          |       |       |     9 |    23 |    57 |    68 |    43 |     5 |       ||   205
       Hailstorm         |       |       |     1 |     4 |    13 |    34 |       |       |       ||    52
       Irradiate         |       |       |       |    27 |    44 |    26 |    25 |     3 |     1 ||   126
       Metabolic Englaci |       |       |       |       |     6 |    12 |     1 |       |       ||    19
       Yara's Violent Un |       |       |       |       |     1 |       |     4 |       |       ||     5
       Ozocubu's Refrige |       |       |       |       |       |    17 |   180 |    17 |    17 ||   231
       Statue Form       |       |       |       |       |       |       |     2 |    42 |    96 ||   140
       Summon Ice Beast  |       |       |       |       |       |       |     1 |       |       ||     1
       Ignite Poison     |       |       |       |       |       |       |       |       |     1 ||     1
       Polar Vortex      |       |       |       |       |       |       |       |       |    80 ||    80
       Shatter           |       |       |       |       |       |       |       |       |    34 ||    34
       Lesser Beckoning  |       |       |       |       |       |       |       |       |    23 ||    23
       Death's Door      |       |       |       |       |       |       |       |       |     1 ||     1
       Borgnjor's Revivi |       |       |       |       |       |       |       |       |     1 ||     1
       Blink             |       |       |       |       |       |       |       |       |     1 ||     1
Invok: Curse Item        |       |       |     3 |     4 |     4 |     3 |     3 |     2 |     3 ||    22
       Shatter the Chain |       |       |       |       |     1 |     2 |     3 |     2 |     4 ||    12
 Abil: End Transformatio |       |       |       |       |     3 |     1 |     4 |     3 |       ||    11
Evoke: Wand              |       |       |    14 |     5 |     1 |    10 |     4 |       |     5 ||    39
       Tin of tremorston |       |       |       |       |     4 |     3 |     2 |       |     4 ||    13
       Condenser vane    |       |       |       |       |       |     3 |     3 |     1 |     6 ||    13
       Lightning rod     |       |       |       |       |       |       |     3 |       |       ||     3
       Phantom mirror    |       |       |       |       |       |       |     2 |       |     3 ||     5
       Box of beasts     |       |       |       |       |       |       |       |       |     2 ||     2
       Phial of floods   |       |       |       |       |       |       |       |       |     1 ||     1
  Use: Potion            |     1 |       |     1 |     1 |     3 |     4 |     8 |     1 |    36 ||    55
       Scroll            |     1 |     4 |     4 |     2 |       |     3 |     5 |       |    19 ||    38
 Stab: Sleeping          |       |     1 |     7 |     2 |    12 |    31 |     5 |       |     4 ||    62
       Paralysed         |       |       |     4 |     3 |       |       |       |       |     1 ||     8
       Invisible         |       |       |       |       |     2 |       |       |       |       ||     2
       Distracted        |       |       |       |       |     3 |     8 |     5 |     6 |     8 ||    30
       Petrified         |       |       |       |       |       |     5 |       |       |       ||     5
       Held in net/web   |       |       |       |       |       |       |       |       |     1 ||     1
Armor: Skin              |     7 |     1 |   108 |   187 |   425 |   295 |   118 |   125 |   349 ||  1615
Dodge: Dodged            |    24 |    11 |   108 |   166 |   482 |   762 |   376 |   519 |  1402 ||  3850
Block: Other             |       |       |       |       |   135 |   162 |    64 |    22 |       ||   383
       Reflection        |       |       |       |       |     9 |    21 |    19 |    22 |   183 ||   254
       Buckler           |       |       |       |       |       |    25 |    40 |       |       ||    65
       Kite shield       |       |       |       |       |       |       |    33 |  1193 |  3019 ||  4245

Table legend: (Time is in decaauts)
 A = Elapsed time spent in this place.
 B = Non-inter-level travel time spent in this place.
 C = Inter-level travel time spent in this place.
 D = Time resting spent in this place.
 E = Time spent auto-exploring this place.
 F = Levels seen in this place.
 G = Mean time per level.
                   A        B        C        D        E       F      G
               +--------+--------+--------+--------+--------+-----+--------+
         Total |  86041 |  73934 |  12107 |   5003 |  51544 |  88 |  977.7 |
       Dungeon |  22402 |  17936 |   4466 |   1387 |  13218 |  15 | 1493.5 |
        Temple |    245 |    200 |     45 |      0 |    187 |   1 |  245.0 |
          Lair |   8437 |   7429 |   1008 |      3 |   6096 |   6 | 1406.2 |
        Shoals |   6497 |   6126 |    371 |    251 |   4548 |   4 | 1624.2 |
     Snake Pit |   4822 |   4286 |    536 |      2 |   3586 |   4 | 1205.5 |
    Slime Pits |    698 |    628 |     70 |    123 |    143 |   5 |  139.6 |
  Orcish Mines |   4182 |   3177 |   1005 |    246 |   2097 |   2 | 2091.0 |
   Elven Halls |   4610 |   4082 |    528 |      3 |   3393 |   3 | 1536.7 |
        Vaults |   9613 |   7741 |   1872 |    150 |   5868 |   5 | 1922.6 |
         Crypt |   3861 |   3441 |    420 |    893 |   1712 |   3 | 1287.0 |
          Tomb |    960 |    959 |      1 |      7 |    567 |   1 |  960.0 |
        Depths |   5319 |   4270 |   1049 |      0 |   2917 |   4 | 1329.8 |
           Zot |   5839 |   5107 |    732 |      0 |   4058 |   5 | 1167.8 |
      Ziggurat |   6376 |   6376 |      0 |   1676 |   1740 |  27 |  236.1 |
       Ossuary |    300 |    300 |      0 |      0 |    181 |   1 |  300.0 |
      Ice Cave |   1350 |   1350 |      0 |      0 |   1075 |   1 | 1350.0 |
      Gauntlet |    522 |    522 |      0 |    261 |    156 |   1 |  522.0 |
               +--------+--------+--------+--------+--------+-----+--------+

Top non-repeatable levels by time:
   Orc:2: 2795 daAuts
Vaults:2: 2424 daAuts
 Crypt:3: 2314 daAuts
Vaults:1: 2242 daAuts
Shoals:3: 2070 daAuts
Shoals:1: 2005 daAuts
    D:13: 1989 daAuts
    D:10: 1909 daAuts
Vaults:3: 1880 daAuts
Depths:2: 1873 daAuts
  Lair:3: 1835 daAuts
 Snake:4: 1783 daAuts
     D:5: 1750 daAuts
Vaults:4: 1744 daAuts
     D:3: 1681 daAuts
